 Dungeon Crawl Stone Soup version 0.32-a0-656-g3542139ebd (webtiles) character file.

Game seed: 13175297391238612894

13646436 Gazog the Grand Master (level 27, 216/228 HPs)
             Began as a Djinni Shapeshifter on Mar 6, 2024.
             Was an Initiate of Gozag.
             Escaped with the Orb
             ... and 15 runes
             ... and 1 gem on Mar 8, 2024!
             The game lasted 04:03:42 (118339 turns).

Gazog the Grand Master (Djinni Shapeshifter)      Turns: 118339, Time: 04:03:42

Health: 216/228    AC: 56    Str: 27    XL:     27
Gold:   3025       EV: 27    Int: 21    God:    Gozag SH: 26 Dex: 28

rFire   + +          +
                       - Unarmed
rCold   + + +        U - +5 Storm Queen's Shield {shock, Fly rElec}
rNeg    + + +        C - +15 crystal plate armour "Anon" {+Blink rC+ Regen+}
rPois   ∞            M - +0 mask of the Dragon {Will+ Slay+3 SInv}
rElec   +            r - +4 dragonskin cloak
rCorr   .            b - +2 pair of gloves of Burnt Salvation {Str+7 Int+2}
SInv    +            (boots unavailable)
Will    +++++        R - amulet of Folanai {^Contam rElec rPois Regen+ Int+5} Stlth
                     J - ring "Kestoul" {rC+ Dex+6 SInv}
HPRegen 2.18/turn    e - ring "Hixzipp" {rF+ rC+ Slay+4}
MPRegen 0.00/turn

%: no passive effects
@: death-form, enlightened, flying, studying 4 skills
A: vile attack, torment immunity, no potions, flying, sickness immunity, fire
resistance 2, cold vulnerability 1, float, innate caster, HP casting, extra
vitality 1, horns 1, agile 1, strong 1
0: Orb of Zot
}: 15/15 runes: serpentine, barnacled, slimy, silver, golden, iron, obsidian,
icy, bone, abyssal, demonic, glowing, magical, fiery, dark
a: Siphon Essence, Begin Untransformation, Renounce Religion, Evoke Blink,
Potion Petition, Call Merchant, Bribe Branch


You escaped.
You worshipped Gozag.
Gozag was most pleased with you.
You were an undying horror.
You visited 18 branches of the dungeon, and saw 88 of its levels.
You visited Pandemonium 3 times, and saw 19 of its levels.
You visited the Abyss 2 times.
You visited 1 ziggurat, and saw 14 of its levels.
You also visited: Trove, Ice Cave and Wizlab.

You collected 66336 gold pieces.
You spent 5480 gold pieces at shops.
You paid 57831 gold pieces to Gozag.

Inventory:

Missiles
 m - 67 poisoned darts (quivered)
 F - 6 throwing nets
Armour
 b - the +2 pair of gloves of Burnt Salvation (worn) {Str+7 Int+2}
   (You acquired it on level 2 of the Dungeon)

   Str+7:     It affects your strength (+7).
   Int+2:     It affects your intelligence (+2).
 r - the +4 dragonskin cloak (worn)
   (You took it off Tiamat on level 1 of the Realm of Zot)

   Avatar's Aegis: It grants the wearer a chance to resist fire, cold, poison,
   electricity, acid, and negative energy.
 x - the scarf of the Lost Path {shadows, rElec rPois rCorr}
   (You found it on level 1 of the Tomb of the Ancients)

   rElec:     It insulates you from electricity.
   rPois:     It protects you from poison.
   rCorr:     It protects you from acid and corrosion.
 C - the +15 crystal plate armour "Anon" (worn) {+Blink rC+ Regen+}
   (You bought it in a shop on level 2 of the Depths)

   rC+:       It protects you from cold.
   +Blink:    It lets you blink.
   Regen+:    It increases your rate of health regeneration.
 M - the +0 mask of the Dragon (worn) {Will+ Slay+3 SInv}
   (You bought it in a shop on level 14 of the Dungeon)

   Slay+3:    It affects your accuracy & damage with ranged weapons and melee
   (+3).
   Will+:     It increases your willpower.
   SInv:      It lets you see invisible.
 U - the +5 Storm Queen's Shield (worn) {shock, Fly rElec}
   (You bought it in a shop on level 14 of the Dungeon)

   Shock:     When it blocks an attack, it may electrocute the attacker.
   This works even against foes who are a short distance away.
   rElec:     It insulates you from electricity.
   Fly:       It grants you flight.
Jewellery
 e - the ring "Hixzipp" (right hand) {rF+ rC+ Slay+4}
   (You acquired it on level 3 of the Snake Pit)

   [ring of slaying]

   Slay+4:    It affects your accuracy & damage with ranged weapons and melee
   (+4).
   rF+:       It protects you from fire.
   rC+:       It protects you from cold.
 p - a ring of resist corrosion
 q - the amulet of Moon {Spirit Rampage rPois rCorr Int-2}
   (You found it on level 3 of the Tomb of the Ancients)

   [amulet of guardian spirit]

   Spirit:    It causes incoming damage to be divided between your reserves of
   health and magic.
   Int-2:     It affects your intelligence (-2).
   rPois:     It protects you from poison.
   rCorr:     It protects you from acid and corrosion.
   Rampage:   It bestows one free step when moving towards enemies.
 J - the ring "Kestoul" (left hand) {rC+ Dex+6 SInv}
   (You found it on level 3 of the Elven Halls)

   [ring of protection from cold]

   Dex+6:     It affects your dexterity (+6).
   rC+:       It protects you from cold.
   SInv:      It lets you see invisible.
 R - the amulet of Folanai (around neck) {^Contam rElec rPois Regen+ Int+5}
   (You found it on level 7 of Tartarus)

   [amulet of regeneration]

   Int+5:     It affects your intelligence (+5).
   rElec:     It insulates you from electricity.
   rPois:     It protects you from poison.
   ^Contam:   It causes magical contamination when unequipped.
   Regen+:    It increases your rate of health regeneration.
 W - the amulet of the Equinox {Reflect Regen+ Str-4 Dex+5 SH+5}
   (You found it on level 12 of a ziggurat)

   [amulet of reflection]

   Reflect:   It reflects blocked missile attacks.
   Str-4:     It affects your strength (-4).
   Dex+5:     It affects your dexterity (+5).
   Regen+:    It increases your rate of health regeneration.
   SH+5:      It affects your SH (+5).
Talismans
 Q - a talisman of death (active)
Wands
 a - a wand of digging (46)
 n - a wand of mindburst (73)
 B - a wand of roots (107)
 I - a wand of quicksilver (55)
 L - a wand of paralysis (93)
Scrolls
 g - 14 scrolls of revelation
 h - 2 scrolls of brand weapon
 i - 15 scrolls of fog
 k - 14 scrolls of fear
 u - 12 scrolls of enchant weapon
 v - 9 scrolls of silence
 w - 37 scrolls of teleportation
 y - 5 scrolls of enchant armour
 K - 8 scrolls of blinking
 N - 10 scrolls of immolation
 P - 2 scrolls of torment
 Y - 3 scrolls of summoning
Potions
 c - 13 potions of heal wounds
 d - 4 potions of berserk rage
 f - 9 potions of mutation
 j - 16 potions of cancellation
 o - 5 potions of haste
 z - 7 potions of might
 A - 32 potions of curing
 D - a potion of experience
 E - 10 potions of magic
 H - 15 potions of enlightenment
 O - 3 potions of ambrosia
 S - a potion of invisibility
 T - 4 potions of resistance
 X - 7 potions of brilliance
Miscellaneous
 l - a lightning rod (4/4)
 s - a phial of floods
 t - a sack of spiders
 G - a phantom mirror
 V - a figurine of a ziggurat
 Z - a condenser vane


   Skills:
 O Level 27 Fighting
 O Level 27 Armour
 O Level 27 Dodging
 O Level 27 Shields
 O Level 27 Unarmed Combat
 O Level 27 Spellcasting
 O Level 27 Conjurations
 O Level 27 Hexes
 O Level 27 Summonings
 O Level 27 Necromancy
 O Level 27 Translocations
 O Level 27 Fire Magic
 O Level 27 Ice Magic
 O Level 27 Air Magic
 O Level 27 Earth Magic
 O Level 27 Alchemy
 - Level 9.6 Evocations
 - Level 23.0 Shapeshifting


You knew the following spells:

 Your Spells              Type           Power      Damage    Failure   Level
a - Freeze                Ice            100%       1d10      0%          1
b - Ensorcelled Hibernat  Hex/Ice        100%       N/A       0%          2
c - Jinxbite              Hex            100%       N/A       0%          2
d - Summon Lightning Spi  Summ/Air       96%        N/A       0%          4
e - Sticky Flame          Fire/Alch      96%        2d14      0%          4
f - Iskenderun's Battles  Conj           96%        2d14      0%          5
g - Conjure Ball Lightni  Conj/Air       48%        3x3d17    0%          6
h - Summon Cactus Giant   Summ           48%        N/A       0%          6
i - Bombard               Conj/Erth      48%        9d8       0%          6
j - Disjunction           Tloc           48%        N/A       1%          8
k - Infestation           Necr           48%        N/A       1%          8
l - Chain Lightning       Conj/Air       48%        3d64      11%         9
m - Death's Door          Necr           48%        N/A       11%         9
Your spell library was empty.

Dungeon Overview and Level Annotations

Branches:
Dungeon (15/15)            Temple (1/1) D:5            Lair (5/5) D:8
 Shoals (4/4) Lair:2        Snake (4/4) Lair:3        Slime (5/5) Lair:5
    Orc (2/2) D:11            Elf (3/3) Orc:2        Vaults (5/5) D:14
  Crypt (3/3) Vaults:2       Tomb (3/3) Crypt:3      Depths (4/4) D:15
   Hell (visited)             Dis (7/7) Hell            Geh (7/7) Hell
    Coc (7/7) Hell            Tar (7/7) Hell            Zot (5/5) Depths:4
  IceCv (visited)          WizLab (visited)

Altars:
Ashenzari
Cheibriados
Dithmenos
Elyvilon
Fedhas
Gozag
Hepliaklqana
Makhleb
Nemelex Xobeh
Okawaru
Qazlal
Ru
Trog
Uskayaw
Wu Jian
Xom
Yredelemnul
Zin
The Shining One
Beogh
Jiyva
Lugonu

Shops:
D:5 [   D:7 :   D:10 *   D:11 (   D:14 [!   Orc:1 *=[   Orc:2 :[(*   Elf:1 *[(
Elf:3 *   Lair:1 [   Shoals:2 :   Snake:1 :*   Snake:2 =::   Vaults:1 =*
Vaults:2 [   Zot:5 *[[=   Depths:2 !=[   Depths:3 ((==   Depths:4 *

Portals:
Hell: Depths:1 Depths:2 Depths:3 Depths:4
Abyss: Lair:5 Dis:6 Depths:3
Pandemonium: Depths:2

Annotations:
D:15 4 transporters


Innate Abilities, Weirdness & Mutations

You are an undying horror.
Your melee and unarmed attacks drain, slow and weaken victims.
You are immune to unholy pain and torment.
You cannot drink.
You are flying.
You are immune to sickness and miasma.
You are immune to poison.
Your flesh is very heat resistant. (rF++)
You are vulnerable to cold. (rC-)
You float through the air rather than walking.
You learn spells naturally, not from books.
Your magical power is your life essence.
You have superior vitality. (+4 MHP)
You have a pair of small horns on your head.
You are agile. (Dex +4, Str/Int -1)
Your muscles are strong. (Str +4, Int/Dex -1)


Message History

You block the orb of destruction.
The orb of destruction dissipates.
The lich launches a ball of destructive magic.
You fly upwards.
There is a stone staircase leading down here.
Okay, then.
HP restored. 4 sun demons come into view.
The sun demon shouts! x2
A balrug comes into view. It is wielding a +0 demon whip.
The balrug shouts!
The balrug gestures at you. Something smites you!
You block the sun demon's attack.
Your shield discharges, shocking the sun demon!
The sun demon resists.
Your extra speed is starting to run out.
You block the sun demon's attack.
Your shield discharges, shocking the sun demon!
The sun demon resists.
The sun demon misses you. You block the sun demon's attack. x2
Your shield discharges, shocking the sun demon!
The sun demon resists.
You block the sun demon's attack. The sun demon misses you.
The balrug gestures at you. Something smites you!
The sun demon attacks as it pursues you!
You block the sun demon's attack.
You reach down and open the door.
The balrug gestures at you.
The fireball explodes!
The fireball engulfs the sun demon.
The sun demon completely resists.
The fireball engulfs you. You resist.
The fireball engulfs the sun demon.
The sun demon completely resists.
The fireball engulfs the balrug.
The balrug completely resists.
There is an open door here.
You feel yourself slow down.
The sun demon attacks as it pursues you!
The sun demon completely misses you.
There is a staircase leading out of the dungeon here.
The sun demon completely misses you.
You have escaped!

####|######.# #######
#...........###
##.....##########.#..##.######.
#..............................
###..###..#...##'##.......###.##.
..........#...#...#...##..###.##.
###.......#.###.ß.###.##.........
# #.......#.#.......#.....###)###
###.......#.#.ß.z.ß.#.######...##
.....##.....#..)33..#...# #.....
###..####.#.###2ß.###.#.# #...##
#..####.#...#...#...#.# #...#
#.......#...##3##...#.## #...#
#)###.........3..3.....###...##
#.# #.....#####.#....[.........
#.# #........##................
###.###.....##.####..............


You could see a balrug and 4 sun demons.

Vanquished Creatures
  Cerebov (Pan)
  Antaeus (Coc:7)
  the Royal Jelly (Slime:5)
  Asmodeus (Geh:7)
  Ereshkigal (Tar:7)
  Gloorx Vloq (Pan)
  Mnoleg (Pan)
  Lom Lobon (Pan)
  the Serpent of Hell (Geh:7)
  2 seraphim
  Ignacio (Pan)
  6 dread liches
  Tiamat (Zot:1)
  4 ancient liches
  Dispater (Dis:7)
  Mennas (Crypt:3)
  4 orbs of fire (Zot:5)
  A juggernaut (Depths:4)
  38 royal mummies
  Xtahua (Vaults:5)
  Josephina (Crypt:1)
  Boris (Crypt:3)
  10 shard shrikes
  Vashnia (Snake:4)
  8 Killer Klowns
  Geryon (Hell)
  42 caustic shrikes
  3 curse toes
  11 golden dragons
  Margery (Crypt:3)
  11 profane servitors
  14 bone dragons
  Nikola (Vaults:1)
  2 pearl dragons (Pan)
  The ghost of jboons the Devastator, an adept DrAE of Vehumet (Elf:2)
  19 Tzitzimimeh
  20 Brimstone Fiends
  4 spectral shard shrikes
  18 doom hounds
  2 electric golems (Zot:5)
  23 tentacled monstrosities
  6 iron giants
  11 hellephants
  19 Hell Sentinels
  23 tainted leviathans
  29 Ice Fiends
  Zenata (Crypt:2)
  31 Orb Guardians
  18 searing wretches
  10 pandemonium lords
  3 deep elf master archers
  6 quicksilver dragons
  13 titans
  12 liches
  2 walking frostbound tomes (Depths:3)
  3 deep elf blademasters (Elf:2)
  Grunn (Depths:2)
  25 acid blobs
  20 sphinxes
  8 death cobs
  24 ancient champions
  A kraken (Shoals:4)
  4 tentacled starspawn
  An eldritch tentacle (Zot:1)
  33 Executioners
  A thorn hunter (Abyss:4)
  Roxanne (Snake:4)
  7 shadow dragons
  Kirke (D:14)
  11 rockslimes
  15 daevas
  17 storm dragons
  7 tengu reavers
  25 azure jellies
  5 nagarajas
  5 fenstrider witches
  36 fire giants
  8 draconian monks
  20 frost giants
  10 protean progenitors
  4 revenants
  11 demonspawn warmongers (Pan)
  69 balrugs
  17 iron dragons
  39 narguns
  9 draconian knights
  10 deep elf sorcerers
  18 vault wardens
  9 ghost moths
  10 draconian shifters
  17 quicksilver elementals
  The ghost of Tang the Placeless Armataur, a journeyman AtCj of Vehumet (Lair:5)
  7 draconian scorchers
  6 draconian stormcallers
  28 cacodemons
  3 spriggan defenders
  4 deep elf elementalists (Elf:3)
  7 shard shrike simulacra
  3 spectral caustic shrikes
  6 curse skulls
  7 ghouls
  15 ophanim (Pan)
  25 reapers
  5 draconian annihilators
  4 ironbound thunderhulks
  13 quicksilver oozes
  26 ironbound preservers
  11 demonspawn corrupters (Pan)
  6 caustic shrike skeletons
  9 demonspawn blood saints (Pan)
  6 orc warlords
  26 very ugly things
  23 stone giants
  32 angels
  12 formless jellyfish
  24 elemental wellsprings
  10 juggernaut skeletons (Pan)
  The ghost of AutarchDCSS the Slicer, a journeyman DsAr of Hepliaklqana (Lair:5)
  A spectral titan (Tar:5)
  13 vampire knights
  9 deep elf demonologists
  19 apis (Pan)
  Nessos (Lair:4)
  10 black draconians
  2 minotaurs (Zot:3)
  17 putrid mouths
  10 deep elf death magi
  10 demonspawn black suns (Pan)
  Azrael (Snake:2)
  8 green draconians
  14 deep elf annihilators
  14 dire elephants
  20 bennus
  10 spark wasps
  29 purple draconians
  16 red draconians
  9 white draconians
  An eleionoma (Zig:2)
  7 yellow draconians
  32 war gargoyles
  24 wendigos
  24 lorocyprocas
  7 statues (WizLab)
  A quicksilver dragon zombie (Depths:1)
  28 blizzard demons
  A spectral quicksilver dragon (Tar:2)
  9 eidola
  7 crystal guardians
  10 ettins
  26 mummy priests
  17 iron golems
  5 jiangshi
  15 green deaths
  8 merfolk impalers
  6 spriggan zombies
  4 fire dragons
  3 spectral spriggans
  3 merfolk javelineers
  The ghost of epsilonplus the Basher, a journeyman MDRe of Cheibriados (D:11)
  11 great orbs of eyes
  A spectral fenstrider witch (Tar:1)
  12 yaktaur captains
  6 deep elf high priests
  3 peacekeepers
  15 salamander tyrants
  5 ice dragons
  7 juggernaut simulacra
  2 sphinx zombies
  36 vault guards
  8 hell beasts (Pan)
  2 merfolk avatars
  5 rakshasas
  Erolcha (D:14)
  2 alligator snapping turtles
  8 hydras
  2 jorogumos (Pan)
  15 caustic shrike simulacra
  2 spriggan air magi
  17 anacondas
  3 spriggan skeletons
  An ogre mage (Vaults:5)
  2 alligators (Pan)
  16 centaur warriors
  5 catoblepae
  6 boulder beetles
  6 ironbound frosthearts
  6 merfolk aquamancers
  31 stokers
  A spectral stone giant (Tar:4)
  4 satyrs
  A fenstrider witch skeleton (Crypt:3)
  A two-headed ogre (shapeshifter) (Vaults:5)
  3 death knights
  A sphinx skeleton (Crypt:1)
  11 two-headed ogres
  22 death scarabs
  7 vampire magi
  38 hell hogs
  54 dancing weapons
  7 deep troll shamans
  7 deep troll earth magi
  6 spriggan berserkers
  18 death yaks
  A titan zombie (Zig:10)
  27 demonic crawlers (Pan)
  2 occultists (Depths:3)
  6 shock serpents
  2 spectral dire elephants
  19 naga warriors
  11 orc high priests
  3 tengu warriors
  6 holy swine (Pan)
  31 hell knights
  50 soul eaters
  6 thrashing horrors
  17 crystal echidnas
  8 naga sharpshooters
  43 sixfirhies
  124 sun demons
  20 deep elf knights
  8 iron trolls
  2 storm dragon zombies
  2 titan skeletons (Depths:3)
  17 shadow wraiths
  6 skysharks
  2 bunyip zombies (Crypt:3)
  5 hellephant skeletons (Pan)
  A skyshark (shapeshifter) (Depths:2)
  14 sea snakes
  41 skeletal warriors
  A spriggan druid (Zig:6)
  A death drake (shapeshifter) (Vaults:5)
  2 golden dragon zombies
  3 wretched stars
  8 arcanists
  A spatial maelstrom (Zig:14)
  3 bog bodies
  18 cherubim (Pan)
  An anaconda zombie (Tomb:3)
  4 salamander mystics
  2 mana vipers (Snake:1)
  3 goliath frogs
  76 deep trolls
  A storm dragon skeleton (Crypt:3)
  A ghost moth zombie (Crypt:1)
  10 quicksilver dragon simulacra
  A shadow dragon zombie (Crypt:3)
  A deep troll (shapeshifter) (Vaults:5)
  An orange crystal statue (Vaults:1)
  A spectral anaconda (Tar:2)
  A spark wasp zombie (Depths:3)
  16 flayed ghosts
  7 naga ritualists
  11 sun moths (Pan)
  8 glowing orange brains
  An obsidian statue (IceCv)
  48 large abominations
  27 ironbound convokers
  18 phantasmal warriors
  14 spriggan simulacra
  13 lindwurms
  A swamp dragon (Zig:6)
  19 deep elf pyromancers
  2 golden dragon skeletons
  4 thermic dynamos
  17 shadow demons (Pan)
  3 fenstrider witch simulacra
  7 deep elf archers
  16 deep elf zephyrmancers
  A bunyip skeleton (Tomb:1)
  16 harpies
  19 necromancers
  An anaconda skeleton (Tomb:2)
  23 orc knights
  6 orc sorcerers
  7 fauns
  3 spectral ettins
  A shadow dragon skeleton (Zig:11)
  2 human zombies (Vaults:3)
  7 cyclopes
  13 salamanders
  A will-o-the-wisp (Zig:6)
  15 manticores
  5 shining eyes
  An oklob plant (Lair:1)
  24 ugly things
  2 worldbinders
  2 wolf spiders
  A faun (shapeshifter) (Depths:3)
  3 tengu skeletons
  A moth of wrath (shapeshifter) (Depths:1)
  24 moths of wrath
  3 elephants (Lair:4)
  8 guardian serpents
  64 smoke demons
  7 merfolk sirens
  2 meliai (D:15)
  An eye of devastation (shapeshifter) (Vaults:5)
  3 iron dragon skeletons
  16 naga magi
  A water nymph (shapeshifter) (Depths:3)
  6 kobold blastminers
  34 black mambas
  10 rust devils
  24 vault sentinels
  A dire elephant zombie (Crypt:2)
  2 frost giant skeletons
  4 ice statues
  2 apocalypse crabs
  4 torpor snails
  4 Executioner simulacra (Pan)
  4 centaur skeletons
  28 orange demons
  6 titan simulacra
  14 water nymphs
  4 eyes of devastation
  A fire giant skeleton (Zig:11)
  A nameless horror (Slime:2)
  24 hellions
  9 cane toads
  A dire elephant skeleton (Crypt:3)
  2 torpor snails (shapeshifter)
  An elf skeleton (Vaults:3)
  A grey draconian zombie (Crypt:1)
  2 naga skeletons
  7 unseen horrors
  31 yaktaurs
  A mana viper skeleton (Crypt:1)
  4 rime drakes
  5 anaconda simulacra
  17 efreet
  50 tormentors
  16 tengu conjurers
  A human skeleton (Vaults:3)
  3 iron giant simulacra
  15 ice devils
  2 harpy zombies
  3 spectral harpies
  6 ancient zymes
  7 komodo dragons
  20 freezing wraiths
  A komodo dragon (shapeshifter) (Depths:2)
  8 red devils (Pan)
  Psyche (D:9)
  A catoblepas skeleton (Crypt:2)
  3 golden dragon simulacra
  A spectral naga (Tar:5)
  5 trolls
  60 guardian mummies
  35 hellwings
  18 merfolk
  2 silent spectres
  3 polar bears
  6 wind drakes
  A merfolk (shapeshifter) (D:14)
  A tengu simulacrum (Vaults:3)
  2 hornets (Depths:2)
  An ettin zombie (Crypt:1)
  3 harpy skeletons (Crypt:3)
  An alligator simulacrum (IceCv)
  2 wind drakes (shapeshifter)
  6 glass eyes
  11 snapping turtles
  25 blink frogs
  9 raiju
  6 iron dragon simulacra
  5 dream sheep
  A guardian serpent skeleton (Crypt:2)
  2 fire dragon skeletons
  115 slime creatures
  2 stone giant simulacra
  9 dire elephant simulacra
  A vampire (D:11)
  3 spriggans
  5 air elementals
  3 centaur simulacra
  An ettin skeleton (Depths:1)
  Sigmund (D:3)
  36 ynoxinuls
  A hog (shapeshifter) (D:13)
  3 wyverns
  69 yaks
  2 shadows
  7 naga simulacra
  18 water elementals
  8 wraiths
  A hog (D:14)
  A fire bat (Pan)
  25 neqoxecs
  15 ushabtiu
  3 black mamba skeletons
  A steam dragon (D:8)
  4 fire elementals
  A redback (shapeshifter) (Depths:3)
  14 golden eyes
  A basilisk (shapeshifter) (D:14)
  An alligator snapping turtle simulacrum (Coc:2)
  A yak (shapeshifter) (D:14)
  6 basilisks
  6 wargs
  4 vampire mosquitoes
  35 chaos spawn
  Menkaure (D:7)
  13 minotaur simulacra (IceCv)
  20 harpy simulacra
  34 nagas
  A hydra simulacrum (Coc:1)
  An acid dragon (D:10)
  10 hell hounds
  A swamp worm (shapeshifter) (Depths:3)
  19 water moccasins
  3 ice beasts
  A two-headed ogre skeleton (Crypt:2)
  A deep troll skeleton (Hell)
  A black bear (shapeshifter) (D:11)
  45 orc warriors
  2 sky beasts (D:6)
  5 black bears
  27 laughing skulls
  A hog zombie (Crypt:2)
  25 ogres
  6 boggarts
  An elephant zombie (Crypt:1)
  5 ettin simulacra
  3 centaurs
  16 wolves
  A rime drake zombie (Crypt:2)
  A kobold brigand (D:8)
  3 weeping skulls (Abyss:4)
  6 brain worms (Pan)
  12 bullfrogs
  11 small abominations
  4 scorpions
  8 deep troll simulacra (IceCv)
  3 earth elementals
  A wyvern skeleton (Crypt:2)
  A glowing shapeshifter simulacrum (Zig:13)
  7 wights
  A warg skeleton (Crypt:2)
  3 lindwurm simulacra (IceCv)
  9 howler monkeys
  5 electric eels
  A yak skeleton (Crypt:1)
  5 lava snakes (Lair:3)
  A bombardier beetle (D:7)
  3 hounds (D:5)
  A gnoll bouda (D:10)
  19 orc priests
  3 jellies (Lair:5)
  28 starcursed masses
  3 sleepcaps
  Jessica (D:3)
  An iguana (D:5)
  Terence (D:3)
  Ijyb (D:4)
  26 orc wizards
  5 hell rats (Lair:1)
  An ice beast zombie (Crypt:2)
  An ogre zombie (D:14)
  65 mummies
  8 gnolls
  8 adders
  3 shadow imps (Tar:7)
  2 white imps
  An ufetubus (Abyss:4)
  2 ribbon worms (D:3)
  4 dart slugs
  81 orcs
  A bat skeleton (Crypt:2)
  12 endoplasms
  3 giant cockroaches (D:1)
  13 goblins
  4 hobgoblins
  6 jackals
  9 kobolds
  2 quokkas (D:3)
  3 ball pythons
  8 bats
  A frilled lizard (D:2)
  6 rats
  3 aspiring fleshes (Pan)
  2 creeping infernos
  6 fire vortices
  2 lurking horrors
  3 starspawn tentacles
  A tentacle (Shoals:4)
4945 creatures vanquished.

Vanquished Creatures (collateral kills)
  Saint Roka (Vaults:4)
  An iron giant (Dis:6)
  A Hell Sentinel (Dis:7)
  2 iron golems (Dis:6)
  A merfolk javelineer (Shoals:4)
  A great orb of eyes (Vaults:2)
  A deep troll (Vaults:4)
  A slime creature (Vaults:2)
  A hellion (Dis:7)
  A tormentor (Dis:7)
11 creatures vanquished.

Vanquished Creatures (others)
  A death cob (Zot:2)
  A draconian knight (Zot:3)
  2 shard shrike simulacra
  A demonspawn blood saint (Pan)
  An ironbound thunderhulk (Vaults:3)
  An elemental wellspring (Coc:7)
  A red draconian (Zot:1)
  A lorocyproca (Pan)
  2 wendigos
  A green death (Pan)
  2 caustic shrike simulacra (Coc:7)
  A juggernaut simulacrum (Coc:5)
  A merfolk aquamancer (Pan)
  An anaconda (Zot:3)
  A vampire mage (Vaults:2)
  A shadow wraith (Zig:9)
  3 spriggan simulacra
  2 deep elf zephyrmancers (Elf:1)
  A deep elf pyromancer (Elf:1)
  A guardian serpent (Snake:4)
  2 titan simulacra
  A tormentor (Dis:7)
  A hellwing (D:2)
  An alligator simulacrum (Coc:1)
  An iron dragon simulacrum (Coc:6)
  A ynoxinul (Pan)
  An ushabti (Tomb:3)
  3 dire elephant simulacra
  A naga (Snake:2)
  6 harpy simulacra
  A boggart (Vaults:3)
  4 naga simulacra
  3 ball lightnings (Pan)
  4 creeping infernos
  2 foxfires (Zig:6)
  2 lurking horrors (Abyss:4)
  7 starspawn tentacles
  3 tentacles (Shoals:4)
70 creatures vanquished.

Grand Total: 5026 creatures vanquished

Notes
Turn   | Place    | Note
-------+----------+-------------------------------------------
     0 | D:1      | Gazog the Djinni Shapeshifter began the quest for the Orb.
     0 | D:1      | Reached XP level 1. HP: 17/17 MP: 0/0
   189 | D:1      | Reached XP level 2. HP: 19/22 MP: 0/0
   552 | D:1      | Reached XP level 3. HP: 17/27 MP: 0/0
   552 | D:1      | Learned a level 1 spell: Freeze
  1073 | D:2      | Reached XP level 4. HP: 28/32 MP: 0/0
  1315 | D:2      | Found a faded altar of an unknown god.
  1440 | D:3      | Noticed Sigmund
  1594 | D:3      | HP: 1/32 [ribbon worm (7)]
  1600 | D:3      | Gained mutation: You occasionally shout uncontrollably at
                  | your foes. [potion of mutation]
  1600 | D:3      | Gained mutation: You possess an exceptional clarity of
                  | mind. [potion of mutation]
  1775 | D:3      | Reached skill level 5 in Unarmed Combat
  1973 | D:3      | Noticed Jessica
  1977 | D:3      | Killed Jessica
  1978 | D:3      | Reached XP level 5. HP: 31/37 MP: 0/0
  1978 | D:3      | Learned a level 2 spell: Ensorcelled Hibernation
  2143 | D:2      | Identified a scroll of acquirement
  2143 | D:2      | Acquired the +2 pair of gloves of Burnt Salvation {Str+7
                  | Int+2}
  2515 | D:3      | Noticed Terence
  2547 | D:3      | Killed Terence
  2670 | D:3      | Killed Sigmund
  2671 | D:3      | Reached XP level 6. HP: 39/42 MP: 0/0
  2779 | D:3      | Found a bloodstained altar of Trog.
  3176 | D:4      | Noticed Ijyb
  3199 | D:4      | Killed Ijyb
  3200 | D:4      | Reached XP level 7. HP: 26/47 MP: 0/0
  3200 | D:4      | Learned a level 2 spell: Jinxbite
  3426 | D:4      | Found a broken altar of Ashenzari.
  3994 | D:5      | Entered Level 5 of the Dungeon
  4344 | D:5      | Found a basalt altar of Yredelemnul.
  4388 | D:5      | Found Zopnouck's Antique Armour Boutique.
  4503 | D:5      | Found a white marble altar of Elyvilon.
  4509 | D:5      | Reached XP level 8. HP: 45/52 MP: 0/0
  4926 | D:5      | Found a sacrificial altar of Ru.
  4929 | D:5      | Found a stormy altar of Qazlal.
  4929 | D:5      | Found a blossoming altar of Fedhas.
  4938 | D:5      | Found a snail-covered altar of Cheibriados.
  4994 | D:5      | Reached skill level 10 in Unarmed Combat
  5081 | D:5      | Found a staircase to the Ecumenical Temple.
  5091 | Temple   | Entered the Ecumenical Temple
  5399 | D:6      | Reached XP level 9. HP: 57/57 MP: 0/0
  5399 | D:6      | Learned a level 4 spell: Summon Lightning Spire
  5860 | D:6      | Reached skill level 1 in Armour
  6452 | D:7      | Found Wykhiutz's Tremendous Tomes.
  6621 | D:7      | Found an iron altar of Okawaru.
  6717 | D:7      | Found an opulent altar of Gozag.
  6735 | D:7      | Noticed Menkaure
  6742 | D:7      | Killed Menkaure
  6775 | D:7      | Became a worshipper of Gozag Ym Sagoz the Greedy
  7036 | D:8      | Reached XP level 10. HP: 60/63 MP: 0/0
  7066 | D:8      | Found a staircase to the Lair.
  7239 | D:8      | Noticed a lindwurm
  7239 | D:8      | Noticed a lindwurm
  7240 | D:8      | Noticed a lindwurm
  7245 | D:8      | Noticed a lindwurm
  7250 | D:8      | Killed a lindwurm
  7384 | D:8      | Killed a lindwurm
  7560 | D:8      | Killed a lindwurm
  7569 | D:8      | Killed a lindwurm
  7887 | D:9      | Noticed Psyche
  7891 | D:9      | Killed Psyche
  7892 | D:9      | Reached XP level 11. HP: 69/69 MP: 0/0
  7892 | D:9      | Learned a level 4 spell: Sticky Flame
  8223 | D:9      | Identified the +11 long sword of Doom {freeze, rC+ Str+2}
  8727 | D:10     | Entered Level 10 of the Dungeon
  8911 | D:10     | Reached skill level 5 in Armour
  8911 | D:10     | Reached skill level 15 in Unarmed Combat
  8979 | D:10     | Found Suegos's Assorted Antiques.
  9304 | D:10     | Noticed a two-headed ogre
  9317 | D:10     | Killed a two-headed ogre
  9546 | D:10     | Found a hide-covered altar of Uskayaw.
  9558 | D:10     | Found a shadowy altar of Dithmenos.
  9750 | D:11     | Noticed a two-headed ogre
  9757 | D:11     | Killed a two-headed ogre
  9911 | D:11     | Noticed a faun
  9928 | D:11     | a faun changed into a black bear
 10003 | Lair:1   | Entered Level 1 of the Lair of Beasts
 10003 | Lair:1   | Noticed an oklob plant
 10215 | Lair:1   | Killed an oklob plant
 10708 | Lair:1   | Reached XP level 12. HP: 76/76 MP: 0/0
 10726 | Lair:1   | Reached skill level 5 in Dodging
 11951 | Lair:2   | Found a staircase to the Shoals.
 12044 | Lair:1   | Bought a glowing helmet for 180 gold pieces
 12107 | Lair:2   | Noticed a four-headed hydra
 13115 | Lair:2   | Noticed a death yak
 13115 | Lair:2   | Noticed a death yak
 13708 | D:11     | Found a staircase to the Orcish Mines.
 13727 | D:11     | Found Cuffopt's Antique Weapon Shop.
 13727 | D:11     | Found a runed translucent door.
 13756 | D:11     | Noticed epsilonplus's ghost (journeyman MDRe)
 14246 | D:12     | Reached XP level 13. HP: 55/81 MP: 0/0
 14246 | D:12     | Learned a level 5 spell: Iskenderun's Battlesphere
 14964 | Orc:1    | Entered Level 1 of the Orcish Mines
 14964 | Orc:1    | Found Woamivam's Armour Emporium.
 15089 | Orc:1    | Found Ynuth's Mayhem Merchandise.
 15340 | Orc:2    | Entered Level 2 of the Orcish Mines
 16042 | Orc:2    | Found Xachyrch's Book Emporium.
 16392 | Orc:2    | Noticed an orc warlord
 16869 | D:13     | Noticed a catoblepas
 16892 | D:13     | Killed a catoblepas
 16972 | D:13     | Noticed a centaur warrior
 16989 | D:13     | Killed a centaur warrior
 17206 | D:13     | Noticed a centaur warrior
 17215 | D:13     | Killed a centaur warrior
 17216 | D:13     | Reached XP level 14. HP: 88/88 MP: 0/0
 18311 | D:14     | Reached skill level 10 in Armour
 18363 | D:14     | Found a gate to the Vaults.
 18933 | D:14     | Reached skill level 5 in Fighting
 18988 | D:14     | Reached skill level 1 in Evocations
 19077 | D:14     | Noticed Kirke
 19098 | D:14     | Killed Kirke
 19271 | D:14     | Found Nuhuas's Distillery.
 19276 | D:14     | Bought a potion of invisibility for 104 gold pieces
 19276 | D:14     | Bought a potion of resistance for 130 gold pieces
 19276 | D:14     | Bought a potion of curing for 39 gold pieces
 19431 | D:14     | Reached skill level 5 in Evocations
 19443 | D:14     | Noticed Erolcha
 19447 | D:14     | Paralysed by Erolcha for 4 turns
 19452 | D:14     | Killed Erolcha
 19466 | D:14     | Found the +8 pair of quick blades "Gyre" and "Gimble"
                  | {protect}
 19479 | D:14     | Identified the +5 ring mail of Iskin {Str+2}
 19726 | D:15     | Entered Level 15 of the Dungeon
 19920 | D:15     | Found a shadowy altar of Dithmenos.
 19962 | D:15     | Reached XP level 15. HP: 96/96 MP: 0/0
 19962 | D:15     | Learned a level 6 spell: Conjure Ball Lightning
 19999 | D:15     | Found a transporter.
 20008 | D:15     | Found a transporter.
 20259 | D:15     | Found a transporter.
 21288 | Lair:3   | Found a staircase to the Snake Pit.
 21613 | D:14     | Bought the +0 mask of the Dragon {Will+ Slay+3 SInv} for
                  | 501 gold pieces
 21613 | D:14     | Found the +0 mask of the Dragon {Will+ Slay+3 SInv}
 21613 | D:14     | Bought the +5 Storm Queen's Shield {shock, Fly rElec} for
                  | 684 gold pieces
 21613 | D:14     | Found the +5 Storm Queen's Shield {shock, Fly rElec}
 21889 | Lair:3   | Reached skill level 1 in Shields
 22420 | Lair:4   | Found an iron altar of Okawaru.
 22429 | Lair:4   | Noticed Nessos
 22557 | Lair:3   | Reached skill level 5 in Shields
 22601 | Lair:4   | Killed Nessos
 23472 | Lair:5   | Entered Level 5 of the Lair of Beasts
 23499 | Lair:5   | Found a runed translucent gate.
 23499 | Lair:5   | Found a runed translucent gate.
 23499 | Lair:5   | Found a runed translucent gate.
 23508 | Lair:5   | Noticed AutarchDCSS's ghost (journeyman DsAr)
 23508 | Lair:5   | Noticed Tang's ghost (journeyman AtCj)
 23785 | Lair:5   | Reached XP level 16. HP: 102/102 MP: 0/0
 24096 | Lair:5   | Found a staircase to the Slime Pits.
 24509 | Lair:5   | Reached skill level 10 in Shields
 25073 | Lair:5   | Found a corrupted altar of Lugonu.
 25073 | Lair:5   | Found a one-way gate to the infinite horrors of the Abyss.
 25086 | Lair:5   | Identified the staff of Shame {rElec rN+ Conj Air}
 25705 | Orc:2    | Found Tyfo's Antique Weapon Boutique.
 25822 | Orc:2    | Found Pysiugei's General Store.
 25923 | Orc:2    | Found Ados's Antique Armour Boutique.
 25946 | Orc:2    | Found a staircase to the Elven Halls.
 26235 | Orc:1    | You are sucked into a shaft and drop 1 floor!
 26977 | D:11     | Killed epsilonplus's ghost
 27266 | D:15     | Found a staircase to the Depths.
 27446 | D:15     | Identified the +3 long sword "Zuunofyu" {freeze, rN+}
 27619 | D:15     | Found a transporter.
 27915 | Shoals:1 | Entered Level 1 of the Shoals
 28233 | Shoals:1 | Reached XP level 17. HP: 107/107 MP: 0/0
 28233 | Shoals:1 | Learned a level 6 spell: Summon Cactus Giant
 29120 | Shoals:2 | Found Ixke's Book Boutique.
 29830 | Shoals:3 | Found a glacial archway.
 29839 | Shoals:3 | Reached skill level 15 in Shields
 29849 | IceCv    | Entered an ice cave
 30700 | IceCv    | Noticed an Ice Fiend
 30992 | IceCv    | Killed an Ice Fiend
 31168 | IceCv    | Identified the ring of Yramosoz {rC+ Str+4 Int+3 Dex+3
                  | Slay-4}
 31956 | Shoals:4 | Entered Level 4 of the Shoals
 32137 | Shoals:4 | Noticed a kraken
 32153 | Shoals:4 | Killed a kraken
 32820 | Shoals:4 | Reached XP level 18. HP: 100/112 MP: 0/0
 32956 | Shoals:4 | Identified the +3 war axe of the Inviting Fool {venom, rC+}
 33133 | Shoals:4 | Got a barnacled rune of Zot
 33544 | Vaults:1 | Entered Level 1 of the Vaults
 34135 | Vaults:1 | Found a transporter.
 34135 | Vaults:1 | Noticed a golden dragon
 34144 | Vaults:1 | Found a transporter.
 34338 | Vaults:1 | Reached skill level 10 in Dodging
 34414 | Vaults:1 | Noticed Nikola
 34552 | Vaults:1 | Killed Nikola
 34676 | Vaults:1 | Found a glowing golden altar of the Shining One.
 34871 | Vaults:1 | Reached XP level 19. HP: 113/121 MP: 0/0
 34871 | Vaults:1 | Learned a level 6 spell: Bombard
 35844 | Vaults:2 | Found a portal to a secret trove of treasure.
 36533 | Vaults:2 | Found a staircase to the Crypt.
 36967 | Vaults:2 | Found Qimep's Armour Shoppe.
 37490 | Vaults:2 | Identified the staff of Gazog's Misery {rC+ Will- MP+9
                  | Int+6 Dex+3 Ice}
 38216 | Vaults:3 | Reached XP level 20. HP: 129/129 MP: 0/0
 39074 | Vaults:3 | Found a runed translucent gate.
 39074 | Vaults:3 | Found a runed translucent gate.
 39074 | Vaults:3 | Found a runed translucent gate.
 39445 | Vaults:3 | Found a glowing golden altar of the Shining One.
 39579 | Vaults:4 | Noticed Saint Roka
 39711 | Vaults:4 | Killed Saint Roka
 39839 | Vaults:4 | Found a magical portal.
 39872 | WizLab   | Entered Iskenderun's Mystic Tower
 41017 | WizLab   | Found the +4 skin of Zhor {*Englaciate rC+++ SInv}
 41060 | WizLab   | Reached XP level 21. HP: 128/135 MP: 0/0
 41060 | WizLab   | Learned a level 8 spell: Disjunction
 42955 | Vaults:5 | Entered Level 5 of the Vaults
 43229 | Elf:1    | Entered Level 1 of the Elven Halls
 43249 | Elf:1    | Paralysed by an air elemental for 1 turns
 43398 | Elf:1    | Bought an ichor-stained helmet for 285 gold pieces
 43398 | Elf:1    | Identified the +0 helmet of Light {Str+5} (You bought it in
                  | a shop on level 1 of the Elven Halls)
 43398 | Elf:1    | Bought a runed cloak for 225 gold pieces
 43403 | Elf:1    | Found Ubuil's Weapon Shoppe.
 43766 | Elf:1    | Reached XP level 22. HP: 133/141 MP: 0/0
 43901 | Elf:1    | Found a roughly hewn altar of Beogh.
 44292 | Elf:1    | Identified the ring "Tiuhovut" {Will+ Dex+3}
 44541 | Elf:2    | Found a runed translucent gate.
 44543 | Elf:2    | Noticed jboons's ghost (adept DrAE)
 44544 | Elf:2    | Found a runed translucent gate.
 44544 | Elf:2    | Found a runed translucent gate.
 44859 | Elf:2    | Found a runed translucent gate.
 44859 | Elf:2    | Found a runed translucent gate.
 44872 | Elf:2    | Found a runed translucent gate.
 45015 | Elf:2    | Acquired a manual of Evocations
 45219 | Elf:3    | Entered Level 3 of the Elven Halls
 45301 | Elf:2    | Paralysed by an air elemental for 1 turns
 46286 | Abyss:3  | Cast into level 3 of the Abyss (a deep elf demonologist)
 46287 | Abyss:3  | Found a large runed translucent door.
 46287 | Abyss:3  | Found a large runed translucent door.
 46305 | Abyss:3  | Found a large runed translucent door.
 46315 | Abyss:4  | Found a corrupted altar of Lugonu.
 46325 | Abyss:4  | Found a corrupted altar of Lugonu.
 46524 | Abyss:4  | Got an abyssal rune of Zot
 46719 | Abyss:4  | Paralysed by accursed screaming for 1 turns
 46787 | Elf:2    | Escaped the Abyss
 46975 | Elf:3    | Reached XP level 23. HP: 140/147 MP: 0/0
 46975 | Elf:3    | Learned a level 8 spell: Infestation
 47662 | Elf:3    | Found Nasafryu's Assorted Antiques.
 47935 | Elf:3    | Identified the ring "Kestoul" {rC+ Dex+6 SInv}
 47958 | Elf:3    | Identified the +5 great sword "Plog" {pain, rF+ Int+5}
 47958 | Elf:3    | Found the +7 mace of Variability {chaos, chaos arc}
 48000 | Elf:3    | Identified the ring of the Mertaur {rC++ rCorr Dex+5
                  | Slay-4}
 48002 | Elf:3    | Identified the +1 robe of Beogh's Displeasure {Dex+3}
 48380 | Vaults:2 | You showed the abyssal rune of Zot to enter a treasure
                  | trove
 48381 | Trove    | Entered a treasure trove
 48398 | Trove    | Identified the +0 longbow of Xuigg {flame, Str+5}
 48719 | Snake:1  | Entered Level 1 of the Snake Pit
 48719 | Snake:1  | Found Diplug's Book Boutique.
 49021 | Snake:4  | Entered Level 4 of the Snake Pit
 49021 | Snake:4  | Noticed Roxanne
 49044 | Snake:4  | Killed Roxanne
 49244 | Snake:4  | Noticed Vashnia
 49307 | Snake:4  | Killed Vashnia
 49313 | Snake:4  | Found an iron altar of Okawaru.
 49322 | Snake:4  | Got a jade gem with 1929 turns to spare
 49387 | Snake:4  | Got a serpentine rune of Zot
 49599 | Snake:4  | Found a runed translucent door.
 49881 | Snake:4  | Identified the ring of Zeesasan {Wiz rN+ Int+5 Dex-5}
 50206 | Snake:3  | Reached skill level 15 in Dodging
 50365 | Snake:3  | Acquired the ring "Hixzipp" {rF+ rC+ Slay+4}
 50902 | Snake:2  | Noticed Azrael
 50917 | Snake:2  | Killed Azrael
 50918 | Snake:2  | Reached XP level 24. HP: 152/155 MP: 0/0
 50976 | Snake:2  | Found Dugin's Jewellery Emporium.
 50977 | Snake:2  | Found Fyningo's Book Boutique.
 50977 | Snake:2  | Found Olyi's Book Boutique.
 51935 | Depths:1 | Entered Level 1 of the Depths
 52346 | Depths:1 | Found a bloodstained altar of Trog.
 52379 | Depths:1 | Found a gateway to Hell.
 52673 | Depths:1 | Noticed a golden dragon
 52685 | Depths:1 | Killed a golden dragon
 52752 | Depths:1 | Reached skill level 27 in Unarmed Combat
 53159 | Depths:2 | Identified the +2 flail "Uluq" {holy, *Corrode Str+4}
 53185 | Depths:2 | You are sucked into a shaft and drop 1 floor!
 53223 | Depths:3 | Reached skill level 15 in Armour
 53386 | Depths:2 | Noticed Grunn
 53416 | Depths:2 | Killed Grunn
 53664 | Depths:2 | Noticed a golden dragon
 53678 | Depths:2 | Killed a golden dragon
 53927 | Depths:2 | Found a one-way gateway to a ziggurat.
 54193 | Depths:2 | Found a one-way gate leading to the halls of Pandemonium.
 54600 | Depths:3 | Found Jayxig's Jewellery Boutique.
 54601 | Depths:3 | Found Ramub's Jewellery Boutique.
 54601 | Depths:3 | Found Emesty's Antique Weapon Shop.
 54627 | Depths:3 | Found Xadet's Weapon Shop.
 54801 | Depths:3 | Reached XP level 25. HP: 133/162 MP: 0/0
 54801 | Depths:3 | Learned a level 9 spell: Chain Lightning
 54837 | Depths:3 | Reached skill level 5 in Shapeshifting
 55817 | Depths:3 | Identified the +0 short sword of the Big Fish {flame, rN+
                  | Int+3}
 55929 | Depths:3 | Reached skill level 10 in Shapeshifting
 56530 | Depths:4 | Entered Level 4 of the Depths
 56911 | Depths:4 | Found Sutzan's Mail-Order Catalogue.
 57143 | Depths:4 | Noticed a juggernaut
 57156 | Depths:4 | Killed a juggernaut
 57160 | Depths:4 | Reached XP level 26. HP: 123/167 MP: 0/0
 57637 | Depths:4 | Found a gate to the Realm of Zot.
 58271 | Vaults:5 | Reached skill level 1 in Spellcasting
 58271 | Vaults:5 | Reached skill level 1 in Conjurations
 58271 | Vaults:5 | Reached skill level 1 in Hexes
 58271 | Vaults:5 | Reached skill level 1 in Summonings
 58271 | Vaults:5 | Reached skill level 1 in Necromancy
 58271 | Vaults:5 | Reached skill level 1 in Translocations
 58271 | Vaults:5 | Reached skill level 1 in Fire Magic
 58271 | Vaults:5 | Reached skill level 1 in Ice Magic
 58271 | Vaults:5 | Reached skill level 1 in Air Magic
 58271 | Vaults:5 | Reached skill level 1 in Earth Magic
 58271 | Vaults:5 | Reached skill level 1 in Alchemy
 58355 | Vaults:5 | Identified the +3 scale mail "Fanuekh" {*Corrode Fly Int+6}
 58363 | Vaults:5 | Noticed Xtahua
 58571 | Vaults:5 | Killed Xtahua
 58708 | Vaults:5 | Got a silver rune of Zot
 59226 | Vaults:5 | Identified the +3 plate armour of Postism {MP+9}
 59403 | Vaults:5 | Identified the ring "Ziprobus" {Ice Int+5 Dex+3}
 59421 | Vaults:5 | Found the +2 shield of Resistance {rF++ rC++ Will++}
 59452 | Vaults:5 | Identified the +4 falchion of the Crypt {flame, Will+
                  | Str+2}
 59475 | Vaults:5 | Identified the +11 mace of True Grit {speed, Str-5 Dex+6}
 59597 | Vaults:5 | Reached XP level 27. HP: 112/173 MP: 0/0
 59597 | Vaults:5 | Learned a level 9 spell: Death's Door
 59752 | Vaults:5 | Identified the +4 plate armour of Zeugo {^Drain rPois rC+
                  | Dex+3 Stlth+}
 59959 | Vaults:5 | Identified the +2 scale mail "Gozodig" {rPois rF+}
 59980 | Vaults:5 | Identified the +10 plate armour of Clean New Discoveries
                  | {Harm rElec Regen+ Str+5 Int-2}
 60706 | Slime:1  | Entered Level 1 of the Pits of Slime
 61042 | Slime:5  | Entered Level 5 of the Pits of Slime
 61078 | Slime:5  | Reached skill level 5 in Spellcasting
 61078 | Slime:5  | Reached skill level 5 in Conjurations
 61078 | Slime:5  | Reached skill level 5 in Hexes
 61078 | Slime:5  | Reached skill level 5 in Summonings
 61078 | Slime:5  | Reached skill level 5 in Necromancy
 61078 | Slime:5  | Reached skill level 5 in Translocations
 61078 | Slime:5  | Reached skill level 5 in Fire Magic
 61078 | Slime:5  | Reached skill level 5 in Ice Magic
 61078 | Slime:5  | Reached skill level 5 in Air Magic
 61078 | Slime:5  | Reached skill level 5 in Earth Magic
 61078 | Slime:5  | Reached skill level 5 in Alchemy
 61148 | Slime:5  | Noticed the Royal Jelly
 61559 | Slime:4  | Gained mutation: You are weak. (Str -2) [a shining eye]
 61573 | Slime:4  | Gained mutation: You occasionally lose the ability to read
                  | scrolls when taking damage. [a shining eye]
 62086 | Slime:1  | Lost mutation: You possess an exceptional clarity of mind.
                  | [a shining eye]
 62088 | Slime:1  | Gained mutation: You frequently scream uncontrollably at
                  | your foes. [a shining eye]
 62885 | Lair:5   | Killed AutarchDCSS's ghost
 62895 | Lair:5   | Killed Tang's ghost
 63251 | Zot:1    | Entered Level 1 of the Realm of Zot
 63281 | Depths:4 | Lost mutation: You occasionally lose the ability to read
                  | scrolls when taking damage. [potion of mutation]
 63281 | Depths:4 | Lost mutation: You frequently scream uncontrollably at your
                  | foes. [potion of mutation]
 63281 | Depths:4 | Gained mutation: You are occasionally teleported next to
                  | monsters. [potion of mutation]
 63281 | Depths:4 | Gained mutation: You occasionally lose the ability to drink
                  | potions when taking damage. [potion of mutation]
 63282 | Depths:4 | Lost mutation: You are weak. (Str -2) [potion of mutation]
 63282 | Depths:4 | Lost mutation: You are occasionally teleported next to
                  | monsters. [potion of mutation]
 63282 | Depths:4 | Gained mutation: You have hidden genetic potential. [potion
                  | of mutation]
 63282 | Depths:4 | Gained mutation: You are partially covered in iridescent
                  | scales. (AC +2) [potion of mutation]
 63282 | Depths:4 | Gained mutation: Your body sometimes deteriorates upon
                  | taking damage. [potion of mutation]
 63282 | Depths:4 | Gained mutation: You are mostly covered in iridescent
                  | scales. (AC +4) [potion of mutation]
 63283 | Depths:4 | Lost mutation: You are mostly covered in iridescent scales.
                  | (AC +4) [potion of mutation]
 63283 | Depths:4 | Lost mutation: You occasionally lose the ability to drink
                  | potions when taking damage. [potion of mutation]
 63283 | Depths:4 | Gained mutation: You expend health (3 HP) to strengthen
                  | your wands. [potion of mutation]
 64001 | Zot:1    | Acquired a manual of Fighting
 64045 | Zot:1    | Found the +4 dragonskin cloak
 64045 | Zot:1    | Noticed Tiamat
 64248 | Zot:1    | Reached skill level 10 in Fighting
 64265 | Abyss:4  | Cast into level 4 of the Abyss (Tiamat)
 64381 | Zot:1    | Escaped the Abyss
 64860 | Hell     | Entered the Vestibule of Hell
 64860 | Hell     | Noticed Geryon
 64934 | Zot:1    | Killed Tiamat
 65145 | Zot:2    | Noticed a Killer Klown
 65163 | Zot:2    | Killed a Killer Klown
 65579 | Zot:2    | Reached skill level 15 in Fighting
 66495 | Zot:3    | Reached skill level 15 in Shapeshifting
 66603 | Zot:3    | Noticed a Killer Klown
 66618 | Zot:3    | Killed a Killer Klown
 66800 | Zot:3    | Gained mutation: You have a pair of small antennae on your
                  | head. [hidden potential]
 67542 | Zot:4    | Identified the +6 scimitar of Cocytus {venom, *Slow Will++
                  | Dex+8 SInv}
 68661 | Pan      | Entered Pandemonium
 68732 | Pan      | Found a huge runed translucent gate.
 68831 | Pan      | Found a huge runed translucent gate.
 68832 | Pan      | Found a huge runed translucent gate.
 68832 | Pan      | Found a huge runed translucent gate.
 68832 | Pan      | Found a huge runed translucent gate.
 68912 | Pan      | Identified the +5 ring mail of Chimes {Str+4}
 69213 | Pan      | Found a huge runed translucent gate.
 69232 | Pan      | Noticed Ignacio
 69243 | Pan      | Killed Ignacio
 69523 | Pan      | Gained mutation: You are frail. (-10% HP) [a neqoxec]
 69525 | Pan      | Gained mutation: You are very frail. (-20% HP) [a neqoxec]
 69535 | Pan      | Lost mutation: You have hidden genetic potential. [potion
                  | of mutation]
 69535 | Pan      | Lost mutation: Your body sometimes deteriorates upon taking
                  | damage. [potion of mutation]
 69535 | Pan      | Lost mutation: You occasionally shout uncontrollably at
                  | your foes. [potion of mutation]
 69535 | Pan      | Gained mutation: Your natural rate of healing is unusually
                  | fast. [potion of mutation]
 69536 | Pan      | Lost mutation: You have a pair of small antennae on your
                  | head. [potion of mutation]
 69536 | Pan      | Lost mutation: You are very frail. (-20% HP) [potion of
                  | mutation]
 69536 | Pan      | Lost mutation: You are frail. (-10% HP) [potion of
                  | mutation]
 69536 | Pan      | Gained mutation: You are agile. (Dex +4, Str/Int -1)
                  | [potion of mutation]
 69656 | Pan      | Gained mutation: You have hidden genetic defects. [a
                  | neqoxec]
 69706 | Pan      | Found a huge runed translucent gate.
 70057 | Pan      | Gained mutation: You occasionally lose the ability to drink
                  | potions when taking damage. [a cacodemon]
 70256 | Pan      | Found a runed translucent door.
 70452 | Pan      | Found an exit through the horrors of the Abyss.
 70509 | Pan      | Gained mutation: You are weak. (Str -2) [hidden defects]
 70650 | Pan      | Gained mutation: You are very agile. (Dex +8, Str/Int -2)
                  | [a neqoxec]
 70881 | Pan      | Lost mutation: You occasionally lose the ability to drink
                  | potions when taking damage. [potion of mutation]
 70881 | Pan      | Lost mutation: You are partially covered in iridescent
                  | scales. (AC +2) [potion of mutation]
 70881 | Pan      | Lost mutation: You have hidden genetic defects. [potion of
                  | mutation]
 70881 | Pan      | Lost mutation: You expend health (3 HP) to strengthen your
                  | wands. [potion of mutation]
 70882 | Pan      | Lost mutation: Your natural rate of healing is unusually
                  | fast. [potion of mutation]
 70882 | Pan      | Lost mutation: You are weak. (Str -2) [potion of mutation]
 70882 | Pan      | Lost mutation: You are very agile. (Dex +8, Str/Int -2)
                  | [potion of mutation]
 70882 | Pan      | Gained mutation: Potions are less effective at restoring
                  | your health. [potion of mutation]
 70882 | Pan      | Gained mutation: Your muscles are strong. (Str +4, Int/Dex
                  | -1) [potion of mutation]
 70882 | Pan      | Gained mutation: Your health recovers twice as slowly from
                  | being drained. [potion of mutation]
 70883 | Pan      | Lost mutation: Potions are less effective at restoring your
                  | health. [potion of mutation]
 70883 | Pan      | Lost mutation: Your health recovers twice as slowly from
                  | being drained. [potion of mutation]
 70883 | Pan      | Lost mutation: You are agile. (Dex +4, Str/Int -1) [potion
                  | of mutation]
 70883 | Pan      | Gained mutation: Your spells are a little harder to cast,
                  | but a little more powerful. [potion of mutation]
 70883 | Pan      | Gained mutation: You occasionally shout uncontrollably at
                  | your foes. [potion of mutation]
 70884 | Pan      | Lost mutation: You occasionally shout uncontrollably at
                  | your foes. [potion of mutation]
 70884 | Pan      | Lost mutation: Your spells are a little harder to cast, but
                  | a little more powerful. [potion of mutation]
 70884 | Pan      | Gained mutation: You are very vulnerable to cold. (rC--)
                  | [potion of mutation]
 70884 | Pan      | Gained mutation: You occasionally lose the ability to drink
                  | potions when taking damage. [potion of mutation]
 70884 | Pan      | Gained mutation: You are covered in fur. (AC +1) [potion of
                  | mutation]
 70885 | Pan      | Lost mutation: You occasionally lose the ability to drink
                  | potions when taking damage. [potion of mutation]
 70885 | Pan      | Lost mutation: You are very vulnerable to cold. (rC--)
                  | [potion of mutation]
 70885 | Pan      | Lost mutation: Your muscles are strong. (Str +4, Int/Dex
                  | -1) [potion of mutation]
 70885 | Pan      | Gained mutation: You do not regenerate when monsters are
                  | visible. [potion of mutation]
 70886 | Pan      | Lost mutation: You are covered in fur. (AC +1) [potion of
                  | mutation]
 70886 | Pan      | Lost mutation: You do not regenerate when monsters are
                  | visible. [potion of mutation]
 70886 | Pan      | Gained mutation: You are agile. (Dex +4, Str/Int -1)
                  | [potion of mutation]
 70886 | Pan      | Gained mutation: You have a pair of small horns on your
                  | head. [potion of mutation]
 70886 | Pan      | Gained mutation: Your muscles are strong. (Str +4, Int/Dex
                  | -1) [potion of mutation]
 70976 | Pan      | Noticed Fipn the pandemonium lord
 70986 | Pan      | Killed Fipn the pandemonium lord
 70994 | Pan      | Entered the realm of Mnoleg.
 70994 | Pan      | Noticed Mnoleg
 71789 | Pan      | Killed Mnoleg
 71959 | Pan      | Got a glowing rune of Zot
 72936 | Pan      | Found an exit through the horrors of the Abyss.
 73055 | Pan      | Noticed Bioruibb the pandemonium lord
 73087 | Pan      | Killed Bioruibb the pandemonium lord
 74047 | Pan      | Noticed Zanitude the pandemonium lord
 74058 | Pan      | Killed Zanitude the pandemonium lord
 74111 | Pan      | Got a demonic rune of Zot
 74673 | Pan      | Noticed Edifengoro the pandemonium lord
 74691 | Pan      | Killed Edifengoro the pandemonium lord
 76405 | Pan      | Identified the +1 tower shield "Ryxoicih" {rCorr}
 76813 | Pan      | Found a white marble altar of Elyvilon.
 76853 | Pan      | Reached skill level 10 in Spellcasting
 76853 | Pan      | Reached skill level 10 in Conjurations
 76853 | Pan      | Reached skill level 10 in Hexes
 76853 | Pan      | Reached skill level 10 in Summonings
 76853 | Pan      | Reached skill level 10 in Necromancy
 76853 | Pan      | Reached skill level 10 in Translocations
 76853 | Pan      | Reached skill level 10 in Fire Magic
 76853 | Pan      | Reached skill level 10 in Ice Magic
 76853 | Pan      | Reached skill level 10 in Air Magic
 76853 | Pan      | Reached skill level 10 in Earth Magic
 76853 | Pan      | Reached skill level 10 in Alchemy
 77461 | Pan      | Noticed a seraph
 77461 | Pan      | Identified the +4 long sword "Gounaus" {freeze, rF+ rC+
                  | Dex+4}
 77461 | Pan      | Identified the +1 robe "Zasm" {rF++ Dex+3}
 77489 | Pan      | Killed a seraph
 77561 | Pan      | Found a glowing golden altar of the Shining One.
 77568 | Pan      | Identified the +5 spear of Beyond {venom, rN++}
 77586 | Pan      | Identified the +1 falchion of Supuxziuso {vamp, Dex+4}
 78194 | Pan      | Found a glowing silver altar of Zin.
 78358 | Depths:2 | Escaped Pandemonium
 78552 | Depths:2 | Bought a twisted hat for 306 gold pieces
 78552 | Depths:2 | Identified the +2 hat of Disaster {SInv} (You bought it in
                  | a shop on level 2 of the Depths)
 78554 | Depths:2 | Bought a buzzing crystal plate armour for 2890 gold pieces
 78554 | Depths:2 | Identified the +15 crystal plate armour "Anon" {+Blink rC+
                  | Regen+} (You bought it in a shop on level 2 of the Depths)
 78662 | Pan      | Entered Pandemonium
 79436 | Pan      | Noticed Loiry the pandemonium lord
 79492 | Pan      | Killed Loiry the pandemonium lord
 79642 | Pan      | Identified the +9 flail of Jeiden {elec, Str-5 Dex+4}
 79973 | Pan      | Noticed Gidaeb the pandemonium lord
 79992 | Pan      | Killed Gidaeb the pandemonium lord
 81330 | Pan      | Noticed Hyttaov the pandemonium lord
 81349 | Pan      | Killed Hyttaov the pandemonium lord
 82081 | Pan      | Paralysed by accursed screaming for 1 turns
 82557 | Pan      | Found an exit through the horrors of the Abyss.
 82691 | Pan      | Found a huge runed translucent gate.
 82691 | Pan      | Found a huge runed translucent gate.
 82692 | Pan      | Found a huge runed translucent gate.
 82692 | Pan      | Found a huge runed translucent gate.
 82692 | Pan      | Found a huge runed translucent gate.
 82693 | Pan      | Found a huge runed translucent gate.
 82694 | Pan      | Found a huge runed translucent gate.
 82694 | Pan      | Found a huge runed translucent gate.
 82695 | Pan      | Found a huge runed translucent gate.
 82695 | Pan      | Found a huge runed translucent gate.
 82695 | Pan      | Found a huge runed translucent gate.
 82695 | Pan      | Noticed Afueddutz the pandemonium lord
 82696 | Pan      | Found a huge runed translucent gate.
 82696 | Pan      | Found a huge runed translucent gate.
 82696 | Pan      | Found a huge runed translucent gate.
 82696 | Pan      | Found a huge runed translucent gate.
 82696 | Pan      | Found a huge runed translucent gate.
 82697 | Pan      | Found a huge runed translucent gate.
 82697 | Pan      | Found a huge runed translucent gate.
 82697 | Pan      | Found a huge runed translucent gate.
 82697 | Pan      | Found a huge runed translucent gate.
 82697 | Pan      | Found a huge runed translucent gate.
 82793 | Pan      | Killed Afueddutz the pandemonium lord
 83773 | Pan      | Entered the realm of Cerebov.
 83803 | Pan      | Identified the staff "Arcanum" {rElec Str+2 Ice Air}
 83898 | Pan      | Identified the +7 arbalest "Cipagig" {freeze, MP+9 Str-2
                  | Dex+5}
 84021 | Pan      | Found the +6 sword of Cerebov {flame}
 84021 | Pan      | Noticed Cerebov
 84282 | Pan      | Identified the +2 pair of boots "Uxkiap Vuat" {Harm Str-3
                  | Int+4 Dex+3}
 84433 | Pan      | Killed Cerebov
 84572 | Pan      | Got a fiery rune of Zot
 84977 | Pan      | Found an exit through the horrors of the Abyss.
 85388 | Pan      | Entered the realm of Lom Lobon.
 86340 | Pan      | Noticed Lom Lobon
 86360 | Pan      | Killed Lom Lobon
 86499 | Pan      | Got a magical rune of Zot
 87652 | Pan      | Noticed Tucryept the pandemonium lord
 87668 | Pan      | Killed Tucryept the pandemonium lord
 87886 | Pan      | Noticed Xatov the pandemonium lord
 87906 | Depths:2 | Escaped Pandemonium
 87908 | Pan      | Entered Pandemonium
 88008 | Pan      | Entered the realm of Gloorx Vloq.
 88454 | Pan      | Noticed Gloorx Vloq
 88473 | Pan      | Killed Gloorx Vloq
 88897 | Pan      | Identified the +6 rapier of the Shrinking Saviour {venom,
                  | *Corrode rF+++ SInv}
 89092 | Pan      | Found an exit through the horrors of the Abyss.
 89319 | Pan      | Got a dark rune of Zot
 89430 | Depths:2 | Escaped Pandemonium
 89742 | Elf:2    | Killed jboons's ghost
 89885 | Elf:2    | Reached skill level 27 in Armour
 90850 | Slime:5  | Found a viscous altar of Jiyva.
 90891 | Slime:5  | Killed the Royal Jelly
 91211 | Slime:5  | Got a slimy rune of Zot
 91276 | Slime:5  | Identified the +10 orcbow "Jaskunku" {drain, rElec Int+4}
 91304 | Slime:5  | Identified the +2 mace of the Moon {drain, Int+3 Stlth+}
 91313 | Slime:5  | Identified the +10 dagger "Reeroor" {protect, MP+9 Str+2}
 91450 | Slime:5  | Acquired a manual of Translocations
 92264 | Hell     | Killed Geryon
 92375 | Hell     | Found a gateway to the Iron City of Dis.
 92405 | Hell     | Found a gateway to the freezing wastes of Cocytus.
 92467 | Hell     | Found a gateway to the decaying netherworld of Tartarus.
 92533 | Hell     | Found a gateway to the ashen valley of Gehenna.
 92661 | Tar:1    | Entered Level 1 of Tartarus
 94737 | Tar:7    | Entered Level 7 of Tartarus
 94872 | Tar:7    | Noticed a dread lich
 94884 | Tar:7    | Killed a dread lich
 95662 | Tar:7    | Identified the amulet of Folanai {^Contam rElec rPois
                  | Regen+ Int+5}
 95854 | Tar:7    | Noticed Ereshkigal
 95899 | Tar:7    | Killed Ereshkigal
 96295 | Tar:7    | Got a bone rune of Zot
 96935 | Dis:1    | Entered Level 1 of the Iron City of Dis
 97173 | Crypt:1  | Entered Level 1 of the Crypt
 97364 | Crypt:1  | Found a transporter.
 97365 | Crypt:1  | Found a transporter.
 97368 | Crypt:1  | Noticed an ancient lich
 97369 | Crypt:1  | Identified the +5 orcbow of Currency {drain, rPois Int+5}
 97442 | Crypt:1  | Identified the ring "Taakk" {Ice rPois Str+2 Dex+2}
 97442 | Crypt:1  | Noticed Josephina
 97456 | Crypt:1  | Killed Josephina
 97696 | Crypt:1  | Reached skill level 27 in Dodging
 97982 | Crypt:1  | Killed an ancient lich
 98068 | Crypt:1  | Identified the +0 leather armour of the Orcish Mines
                  | {Int+4}
 98069 | Crypt:1  | Identified the +0 cloak of Kindness {rPois Dex+4}
 98085 | Crypt:1  | Identified the amulet "Acomoitud" {rC- RegenMP+ Int+8
                  | Dex+3}
 98123 | Crypt:2  | Noticed Zenata
 98153 | Crypt:2  | Killed Zenata
 98264 | Crypt:2  | Identified the +1 ring mail of the Earth {Dex+3}
 98961 | Crypt:3  | Entered Level 3 of the Crypt
 99134 | Crypt:3  | Identified the +4 robe "Woimue" {rF+}
 99134 | Crypt:3  | Noticed Boris
 99152 | Crypt:3  | Killed Boris
 99215 | Crypt:3  | Noticed Mennas
 99247 | Crypt:3  | Killed Mennas
 99726 | Crypt:3  | Noticed Margery
 99736 | Crypt:3  | Killed Margery
 99926 | Crypt:3  | Noticed a dread lich
 99931 | Crypt:3  | Killed a dread lich
 99946 | Crypt:3  | Found a basalt altar of Yredelemnul.
 99983 | Crypt:3  | Identified the staff of the Shark {rElec Ice Air Alchemy}
 99989 | Crypt:3  | Identified the ring of Kimek {rPois rN++ Int+5}
 99989 | Crypt:3  | Identified the ring of Guetil {rPois rN++ Will+ rCorr}
 99989 | Crypt:3  | Identified the ring of Jiklif {rPois rN++}
100151 | Crypt:3  | Found a staircase to the Tomb.
100185 | Tomb:1   | Entered Level 1 of the Tomb of the Ancients
100279 | Tomb:1   | Identified the scarf of the Lost Path {shadows, rElec rPois
                  | rCorr}
100596 | Tomb:1   | Noticed a royal mummy
100610 | Tomb:1   | Killed a royal mummy
100957 | Tomb:2   | Noticed a royal mummy
100958 | Tomb:2   | Noticed a royal mummy
100958 | Tomb:2   | Noticed a royal mummy
100968 | Tomb:2   | Killed a royal mummy
100977 | Tomb:2   | Noticed a royal mummy
100980 | Tomb:2   | Noticed a royal mummy
101069 | Tomb:2   | Killed a royal mummy
101122 | Tomb:2   | Killed a royal mummy
101135 | Tomb:2   | Killed a royal mummy
101191 | Tomb:2   | Killed a royal mummy
101618 | Tomb:1   | Noticed a royal mummy
101622 | Tomb:1   | Noticed a royal mummy
101626 | Tomb:1   | Noticed a royal mummy
101654 | Tomb:1   | Killed a royal mummy
101667 | Tomb:1   | Killed a royal mummy
101671 | Tomb:1   | Killed a royal mummy
101687 | Tomb:1   | Noticed a royal mummy
101702 | Tomb:1   | Killed a royal mummy
101718 | Tomb:1   | Noticed a royal mummy
101728 | Tomb:1   | Killed a royal mummy
101734 | Tomb:1   | Noticed a royal mummy
101750 | Tomb:1   | Killed a royal mummy
101780 | Tomb:1   | Noticed a royal mummy
101793 | Tomb:1   | Killed a royal mummy
101802 | Tomb:1   | Noticed a royal mummy
101819 | Tomb:1   | Killed a royal mummy
101825 | Tomb:1   | Noticed a royal mummy
101832 | Tomb:1   | Killed a royal mummy
101862 | Tomb:1   | Noticed a royal mummy
101871 | Tomb:1   | Noticed a royal mummy
101874 | Tomb:1   | Killed a royal mummy
101875 | Tomb:1   | Noticed a royal mummy
101886 | Tomb:1   | Killed a royal mummy
101898 | Tomb:1   | Killed a royal mummy
101911 | Tomb:1   | Noticed a royal mummy
101922 | Tomb:1   | Killed a royal mummy
101950 | Tomb:1   | Noticed a royal mummy
101962 | Tomb:1   | Killed a royal mummy
101964 | Tomb:1   | Noticed a royal mummy
101973 | Tomb:1   | Killed a royal mummy
102013 | Tomb:1   | Noticed a royal mummy
102017 | Tomb:1   | Noticed a royal mummy
102019 | Tomb:1   | Killed a royal mummy
102019 | Tomb:1   | Noticed a royal mummy
102020 | Tomb:1   | Noticed a royal mummy
102028 | Tomb:1   | Killed a royal mummy
102045 | Tomb:1   | Killed a royal mummy
102052 | Tomb:1   | Killed a royal mummy
102067 | Tomb:1   | Noticed a royal mummy
102081 | Tomb:1   | Killed a royal mummy
102253 | Tomb:2   | Reached skill level 27 in Fighting
102420 | Tomb:3   | Entered Level 3 of the Tomb of the Ancients
102483 | Tomb:3   | Noticed a royal mummy
102495 | Tomb:3   | Noticed a royal mummy
102504 | Tomb:3   | Noticed a royal mummy
102545 | Tomb:3   | Killed a royal mummy
102561 | Tomb:3   | Killed a royal mummy
102582 | Tomb:3   | Killed a royal mummy
102607 | Tomb:3   | Reached skill level 15 in Translocations
102691 | Tomb:3   | Noticed a royal mummy
102710 | Tomb:3   | Killed a royal mummy
102754 | Tomb:3   | Noticed a royal mummy
102767 | Tomb:3   | Killed a royal mummy
102809 | Tomb:3   | Identified the +4 falchion "Gitaaq" {protect, rElec Will+}
102830 | Tomb:3   | Identified the amulet of Moon {Spirit Rampage rPois rCorr
                  | Int-2}
102850 | Tomb:3   | Identified the +1 lajatang of the Empty Page {chaos, rF-
                  | Int+3}
102865 | Tomb:3   | Identified the staff of Akhlovasa {rC+ Str+3 Ice}
102866 | Tomb:3   | Identified the +1 buckler "Boil Zea" {rElec rF- rC+ rN+
                  | Str+3}
102890 | Tomb:3   | Identified the staff of Malaise {rElec rN+ Dex+4 Stlth+
                  | Necro}
102933 | Tomb:3   | Noticed a royal mummy
102966 | Tomb:3   | Killed a royal mummy
102976 | Tomb:3   | Noticed a royal mummy
102988 | Tomb:3   | Killed a royal mummy
103000 | Tomb:3   | Noticed a royal mummy
103007 | Tomb:3   | Killed a royal mummy
103226 | Tomb:3   | Got a golden rune of Zot
103647 | Depths:2 | Bought a potion of mutation for 136 gold pieces
103683 | Zig:1    | Entered Level 1 of a ziggurat
103701 | Zig:2    | Entered Level 2 of a ziggurat
103702 | Zig:2    | Found the +4 consecrated labrys {holy, Valiant ^Fragile Fly
                  | SInv}
103730 | Zig:3    | Entered Level 3 of a ziggurat
103758 | Zig:3    | Identified the staff of Irritation {*Corrode rPois rC+
                  | Int+3 Dex+9 Alchemy}
103762 | Zig:4    | Entered Level 4 of a ziggurat
103804 | Zig:4    | Identified the staff "Vilite" {rPois rF+ Str+3 Alchemy}
103809 | Zig:5    | Entered Level 5 of a ziggurat
103818 | Zig:5    | Paralysed by accursed screaming for 1 turns
103894 | Zig:6    | Entered Level 6 of a ziggurat
103899 | Zig:6    | Found the +7 Spriggan's Knife {stab, EV+4 Stlth+}
103944 | Zig:6    | Identified the +8 war axe of Bafetri {freeze, rC+}
103959 | Zig:7    | Entered Level 7 of a ziggurat
103970 | Zig:7    | Reached skill level 15 in Spellcasting
103970 | Zig:7    | Reached skill level 15 in Conjurations
103970 | Zig:7    | Reached skill level 15 in Hexes
103970 | Zig:7    | Reached skill level 15 in Summonings
103970 | Zig:7    | Reached skill level 15 in Necromancy
103970 | Zig:7    | Reached skill level 15 in Fire Magic
103970 | Zig:7    | Reached skill level 15 in Ice Magic
103970 | Zig:7    | Reached skill level 15 in Air Magic
103970 | Zig:7    | Reached skill level 15 in Earth Magic
103970 | Zig:7    | Reached skill level 15 in Alchemy
104013 | Zig:7    | Identified the +0 robe of Qemezaek {Harm rElec Will- Str+2}
104020 | Zig:7    | Identified the +5 glaive "Ilae" {spect, rN+ MP+9}
104029 | Zig:7    | Identified the +7 trident of the Fae God {flame, rF+
                  | Stlth+}
104030 | Zig:7    | Identified the +0 pair of boots of Limited Liability {rF++
                  | SInv}
104033 | Zig:8    | Entered Level 8 of a ziggurat
104105 | Zig:8    | Identified the staff of Zin's Righteous Fury {rF+ rN+ Str-2
                  | SInv Necro}
104115 | Zig:8    | Identified the +9 quarterstaff of Magnificence {flame,
                  | rElec Str+4 Dex-5}
104123 | Zig:9    | Entered Level 9 of a ziggurat
104209 | Zig:9    | Identified the +5 ring mail of Hukhle {rElec rN+ Will+}
104225 | Zig:9    | Identified the +2 glaive "Itzoneuph" {flame, ^Fragile
                  | Str+4}
104230 | Zig:10   | Entered Level 10 of a ziggurat
104239 | Zig:10   | Noticed a royal mummy
104298 | Zig:10   | Killed a royal mummy
104375 | Zig:11   | Entered Level 11 of a ziggurat
104387 | Zig:11   | Noticed a royal mummy
104400 | Zig:11   | Noticed a royal mummy
104402 | Zig:11   | Noticed a royal mummy
104404 | Zig:11   | Killed a royal mummy
104422 | Zig:11   | Killed a royal mummy
104442 | Zig:11   | Killed a royal mummy
104497 | Zig:11   | Identified the +2 battleaxe "Kutwargh" {freeze, rC+}
104501 | Zig:11   | Identified the +6 chain mail of Whack-A-Mole {Fly rElec rC-
                  | SInv}
104506 | Zig:11   | Identified the +8 mace of Jaxtor Zoago {venom, Dex+6}
104525 | Zig:12   | Entered Level 12 of a ziggurat
104611 | Zig:12   | Found the +10 zealot's sword {holy, Zealotry, *Rage rN+
                  | EV+3}
104611 | Zig:12   | Found the +7 sceptre of Torment {pain, torment}
104646 | Zig:12   | Identified the amulet of the Equinox {Reflect Regen+ Str-4
                  | Dex+5 SH+5}
104667 | Zig:12   | Identified the +0 ring mail "Bigitt" {Slay+2}
104673 | Zig:13   | Entered Level 13 of a ziggurat
104686 | Zig:13   | Noticed a shard shrike
104687 | Zig:13   | Noticed a shard shrike
104688 | Zig:13   | Noticed a shard shrike
104692 | Zig:13   | Killed a shard shrike
104702 | Zig:13   | Killed a shard shrike
104705 | Zig:13   | Killed a shard shrike
104774 | Zig:13   | Identified the +6 sling "Biket" {antimagic, *Corrode rF++
                  | rC++}
104810 | Zig:14   | Entered Level 14 of a ziggurat
104824 | Zig:14   | Noticed a dread lich
104846 | Zig:14   | Paralysed by accursed screaming for 2 turns
105261 | Hell     | Upgraded the game from 0.32-a0-630-g46d191b0ed to
                  | 0.32-a0-656-g3542139ebd
105452 | Dis:1    | You are sucked into a shaft and drop 1 floor!
106182 | Dis:4    | Noticed a dread lich
106201 | Dis:4    | Killed a dread lich
106268 | Dis:4    | Noticed a dread lich
106281 | Dis:4    | Killed a dread lich
106869 | Dis:6    | Paralysed by a Zot trap for 5 turns
107036 | Dis:6    | Found a corrupted altar of Lugonu.
107110 | Dis:7    | Entered Level 7 of the Iron City of Dis
107110 | Dis:7    | Noticed an ancient lich
107110 | Dis:7    | Noticed a dread lich
107117 | Dis:7    | Killed an ancient lich
107122 | Dis:7    | Killed a dread lich
107528 | Dis:7    | Reached skill level 27 in Translocations
108354 | Dis:7    | Identified the +10 chain mail "Urataer" {rPois rN+}
108355 | Dis:7    | Identified the +5 scimitar of the Solstice {heavy, rN+
                  | Int+2}
108607 | Dis:7    | Identified the ring of the Turtledove {rElec AC+4 Str+3
                  | Dex-2 SInv}
108866 | Dis:7    | Noticed Dispater
108907 | Dis:7    | Killed Dispater
108939 | Dis:7    | Got an iron rune of Zot
109059 | Dis:7    | Identified the ring "Yfejouph" {rElec Will+ AC+4}
109060 | Dis:7    | Identified the staff of the Little People {rElec Str+4
                  | Int+2 Air}
109213 | Geh:1    | Entered Level 1 of Gehenna
110964 | Geh:7    | Entered Level 7 of Gehenna
111357 | Geh:7    | Noticed the Serpent of Hell
111372 | Geh:7    | Killed the Serpent of Hell
111867 | Geh:7    | Found the +0 pair of gloves of the gadgeteer {Gadgeteer
                  | Wandboost ^Fragile}
111873 | Geh:7    | Identified the +1 robe "Keysuf" {Rampage rF+ rCorr SInv}
112090 | Geh:7    | Identified the +9 rapier of the Shrike {flame, rC+}
112342 | Geh:7    | Found the +13 sceptre of Asmodeus
112342 | Geh:7    | Noticed Asmodeus
112373 | Geh:7    | Killed Asmodeus
112494 | Geh:7    | Got an obsidian rune of Zot
112711 | Geh:7    | Identified the amulet of Eskuvuyt {Faith rCorr Stlth+}
112934 | Coc:1    | Entered Level 1 of Cocytus
112985 | Coc:1    | Noticed a shard shrike
112985 | Coc:1    | Noticed a shard shrike
112992 | Coc:1    | Killed a shard shrike
112997 | Coc:1    | Paralysed by a wendigo for 1 turns
113001 | Coc:1    | Killed a shard shrike
113590 | Coc:3    | Paralysed by a wendigo for 1 turns
113698 | Coc:4    | Noticed a shard shrike
113704 | Coc:4    | Killed a shard shrike
113731 | Coc:4    | Noticed a shard shrike
113744 | Coc:4    | Killed a shard shrike
114061 | Coc:5    | Paralysed by a wendigo for 1 turns
114359 | Coc:6    | Noticed a shard shrike
114359 | Coc:6    | Noticed a shard shrike
114365 | Coc:6    | Killed a shard shrike
114368 | Coc:6    | Killed a shard shrike
114376 | Coc:6    | Noticed a shard shrike
114382 | Coc:6    | Killed a shard shrike
114655 | Coc:7    | Entered Level 7 of Cocytus
114783 | Coc:7    | Paralysed by a wendigo for 1 turns
114790 | Coc:7    | Paralysed by a wendigo for 1 turns
114898 | Coc:7    | Found the +8 Vampire's Tooth {megavamp}
115848 | Coc:7    | Noticed Antaeus
115884 | Coc:7    | Killed Antaeus
115940 | Coc:7    | Got an icy rune of Zot
116380 | Zot:5    | Entered Level 5 of the Realm of Zot
116845 | Zot:5    | Noticed an ancient lich
116856 | Zot:5    | Killed an ancient lich
116876 | Zot:5    | Noticed a Killer Klown
116881 | Zot:5    | Killed a Killer Klown
116882 | Zot:5    | Noticed an orb of fire
116882 | Zot:5    | Noticed a Killer Klown
116883 | Zot:5    | Noticed a dread lich
116885 | Zot:5    | Noticed an orb of fire
116888 | Zot:5    | Killed an orb of fire
116897 | Zot:5    | Killed an orb of fire
116902 | Zot:5    | Killed a dread lich
116903 | Zot:5    | Reached skill level 27 in Spellcasting
116903 | Zot:5    | Reached skill level 27 in Conjurations
116903 | Zot:5    | Reached skill level 27 in Hexes
116903 | Zot:5    | Reached skill level 27 in Summonings
116903 | Zot:5    | Reached skill level 27 in Necromancy
116903 | Zot:5    | Reached skill level 27 in Fire Magic
116903 | Zot:5    | Reached skill level 27 in Ice Magic
116903 | Zot:5    | Reached skill level 27 in Air Magic
116903 | Zot:5    | Reached skill level 27 in Earth Magic
116903 | Zot:5    | Reached skill level 27 in Alchemy
116928 | Zot:5    | Noticed an orb of fire
116938 | Zot:5    | Noticed an orb of fire
116946 | Zot:5    | Noticed a Killer Klown
116954 | Zot:5    | Noticed a Killer Klown
116958 | Zot:5    | Killed an orb of fire
116961 | Zot:5    | Noticed a Killer Klown
116964 | Zot:5    | Noticed a Killer Klown
116966 | Zot:5    | Killed an orb of fire
116984 | Zot:5    | Killed a Killer Klown
116988 | Zot:5    | Noticed an ancient lich
116992 | Zot:5    | Killed a Killer Klown
117002 | Zot:5    | Killed a Killer Klown
117017 | Zot:5    | Killed a Killer Klown
117026 | Zot:5    | Killed an ancient lich
117044 | Zot:5    | Killed a Killer Klown
117427 | Zot:5    | Got the Orb of Zot
117879 | D:15     | Noticed a seraph
117883 | D:15     | Identified the +3 buckler of Foimpoph {Int+3 Slay+3}
117898 | D:15     | Killed a seraph
117927 | D:15     | Noticed Lucymp the pandemonium lord
117948 | D:15     | Killed Lucymp the pandemonium lord
117949 | D:15     | Reached skill level 27 in Shields
118276 | D:2      | Noticed Soenism the pandemonium lord
118339 | D:$      | Escaped with the Orb!

Illustrated notes

Levels and vault maps discovered:
D:1:      dpeg_arrival_simpleton_c, layout_loops_cross, nrook_campfire,
          minmay_pentomino_s4
D:2:      layout_basic, shapermc_ecumenical_altar_petra, minmay_unequal
D:3:      layout_loops_ring, nzn_overflow_gifts_of_might_and_magic,
          kennysheep_jessica_study, uniq_sigmund, uniq_terence
D:4:      layout_loops_corners, mainiacjoe_overflow_alcove_1, uniq_ijyb
D:5:      minmay_skewed_foursquare, layout_cave_pools,
          mainiacjoe_overflow_alcove_2, nicolae_overflow_hallway_of_the_gods,
          pf_just_have_faith, temple_hall, serial_shops, shop,
          kennysheep_generic_room_8
D:6:      layout_loops_ring, lightli_orcish_oven
D:7:      layout_cave_pools, lemuel_tele_altar, kennysheep_okawaru_gauntlet,
          nicolae_shop_i_like_big_books, uniq_menkaure
D:8:      layout_basic, due_lair_maze_entry_diamond, serial_glass,
          glass_columns_b, glass_columns_a, glass_columns_b, glass_columns_c,
          glass_columns_c, glass_columns_c, minmay_lindwurm_lava
D:9:      layout_irregular_city, uniq_psyche
D:10:     layout_loops_ring, amethyst_overflow_temple_binary, st_stairs_3,
          nicolae_take_the_stairs, grunt_decor_junction,
          serial_library_hellmonk_secret_room
D:11:     layout_rooms, orc_0_dummy, ebering_ghost_reflecting_pool,
          serial_rivers, chequers_serial_rivers_micro_e,
          chequers_serial_rivers_micro_d, chequers_serial_rivers_micro_e,
          chequers_serial_rivers_large_a, chequers_serial_rivers_marsh,
          chequers_serial_rivers_micro_b, serial_shops, nicolae_shop_waterfront
D:12:     layout_small_grid, wad_mini_maze
D:13:     layout_loops_corners
D:14:     lemuel_ogre_cave, layout_loops_corners, david_vaults_2,
          bh_walls_and_bars, serial_shops, nicolae_shop_hallway_plus, uniq_kirke
D:15:     hangedman_depths_entry_try_elsewhere_first, layout_irregular_city,
          nicolae_dithmenos_the_darkroom, nicolae_transporter_intersection
Temple:   hellmonk_temple_two_chambers
Lair:1:   layout_cave_pods
Lair:2:   layout_small_grid, elwin_shoals_entry_stream
Lair:3:   layout_chaotic_city, minmay_snake_entry_six_corridors,
          nicolae_lair_liquid_snakes, lemuel_fruit_tree
Lair:4:   layout_gridlike, basic_altar, serial_bayou_shore_b, uniq_nessos
Lair:5:   hellmonk_lair_end_abyssal_woods, layout_cave_pods,
          nicolae_slime_entry_slimehenge, gammafunk_ghost_cemetery
Shoals:1: layout_shoals, nicolae_shoals_stone_sculpture_thing
Shoals:2: layout_shoals, serial_shops, nicolae_shop_trees
Shoals:3: layout_shoals, portal_ice_cave_entry_ice_statue_one,
          nicolae_shoals_seven_spires, nicolae_shoals_lost_giant_hut
Shoals:4: shoals_end_simple, layout_shoals
Snake:1:  layout_rooms, serial_shops, shop, grunt_megastairs_4
Snake:2:  layout_misc_corridors, minmay_shop_grove, uniq_azrael
Snake:3:  layout_grid_shapes, drop_trap, serial_bayou_shore_a
Snake:4:  grunt_snake_rune_serpentine_throne, layout_onion_interference,
          lightli_airlock, uniq_roxanne
Slime:1:  layout_caves
Slime:2:  layout_caves, nicolae_slime_welcoming_committee
Slime:3:  layout_caves
Slime:4:  layout_caves
Slime:5:  slime_pit
Orc:1:    layout_diamond_mine, serial_shops, shop, minmay_shop_mayhem,
          blackcustard_rock_pile
Orc:2:    grunt_orc_gardens, layout_diamond_mine, grunt_orc_garden,
          grunt_orc_garden, grunt_orc_garden, grunt_orc_garden
Elf:1:    eino_elf_arrival_the_gate, layout_geoelf_diagonals, serial_shops,
          nicolae_square_shop, nicolae_elf_theology_debate
Elf:2:    nicolae_elf_blades_splatter_lattice [nicolae_blade_entry_pointy_end],
          layout_geoelf_octagon, gammafunk_ghost_split
Elf:3:    minmay_elf_hall_four_x, layout_loops_corners, serial_shops,
          nicolae_lakefront_shop
Vaults:1: v_rooms_5, nicolae_vaults_door_testing_chamber, v_pattern_1,
          gammafunk_sealed_arena, nicolae_vaults_diamond_1,
          ontoclasm_vaults_eye, v_misc_9, lemuel_angel_altar,
          vaults_standard_mumra_enter_the_diamond, layout_vaults_maze,
          uniq_nikola
Vaults:2: nicolae_vaults_closet_pinwheel_5,
          nicolae_vaults_storing_the_good_stuff,
          minmay_crypt_entry_simple_corners, hangedman_vaults_slice,
          v_alt_pattern_2, v_misc_28, nicolae_vaults_storage_closets_1,
          v_alt_pattern_4, ontoclasm_vaults_idyll,
          nicolae_vaults_windows_and_doors_thing, nicolae_vaults_tetromino_L_1,
          layout_vaults_quadrants, serial_shops, shop_fountains, enter_trove_1
Vaults:3: nicolae_vaults_specimen_jars, nicolae_vaults_doubleplus_tesselated,
          nicolae_vaults_closet_pinwheel_2, vaults_room_stairs_pillars,
          nicolae_vaults_house_2, vaults_room_grunt_arrival_checkpoint,
          hangedman_vaults_restitches, v_misc_2, v_rooms_5,
          wander_protected_by_tso, v_alt_pattern_3, layout_vaults_omnibox
Vaults:4: infiniplex_enter_wizlab_spiral, ontoclasm_vaults_ring_square,
          nicolae_vaults_apartment_2, v_pattern_3, hangedman_vaults_maws,
          v_misc_30, v_misc_17, nicolae_vaults_closet_pinwheel_3, st_hourglassy,
          vaults_mumra_lcd, vaults_mumra_chevron_long, ontoclasm_vaults_fault,
          v_misc_3, ontoclasm_vaults_pinch, nicolae_vaults_six-pack,
          layout_vaults_big_cross, uniq_saint_roka
Vaults:5: uniq_xtahua
Crypt:1:  gammafunk_the_bubble [the_bubble_gammafunk_plus_minus],
          layout_chaotic_city, uniq_josephina
Crypt:2:  layout_catacombs, nicolae_crypt_lichyard, uniq_zenata
Crypt:3:  cryptofortress_bobbens, uniq_mennas, uniq_margery, uniq_boris
Tomb:1
Tomb:2
Tomb:3
Depths:1: layout_gridlike, kennysheep_minor_cross, grunt_hell_horde,
          kennysheep_cross_room, dk_noncrumbling_2, bloody_trog
Depths:2: minmay_expanding_squares, layout_honeycomb, enter_ziggurat_d,
          grunt_pan_entry_in_and_out, hangedman_coc_ice_floe,
          roderic_lattice_octagonal_star, uniq_grunn
Depths:3: grunt_bent_corner, layout_honeycomb, abyss_entry_small_statue_room,
          hell_entry, st_stairs_5, nicolae_triple_integral,
          infiniplex_staircase_zigzag_3, minmay_shoptagon
Depths:4: evilmike_zot_entry_diamond, layout_cave_pools, columned_hall_lemuel,
          hell_entry, monkooky_shop_mail_order, grunt_megastairs_3
Hell
Dis:1:    layout_subdivisions, evilmike_ambush [evilmike_ambush_outer_pillars,
          evilmike_ambush_inner_basic]
Dis:2:    layout_subdivisions
Dis:3:    layout_subdivisions
Dis:4:    layout_jigsaw, nicolae_dis_distal_crystal
Dis:5:    nicolae_dis_hell_of_blades
Dis:6:    layout_jigsaw, amcnicky_altar_lugonu_corruption
Dis:7:    iron_city_of_dis [dis_old, dis_wall_8], layout_gridville,
          nicolae_dis_liches_on_tour
Geh:1:    layout_gehenna_pools_basic
Geh:2:    layout_gehenna_lava_caves
Geh:3:    layout_gehenna_lava_caves
Geh:4:    nicolae_geh_i_lava_good_maze
          [nicolae_geh_lavamaze_diaghalf_rock_blobs,
          nicolae_geh_lavamaze_diaghalf_village]
Geh:5:    layout_gehenna_lava_caves
Geh:6:    layout_gehenna_lava_caves
Geh:7:    evilmike_geh
Coc:1:    layout_cocytus_water_paths
Coc:2:    layout_ice_bergs
Coc:3:    layout_cocytus_water_paths
Coc:4:    layout_ice_bergs
Coc:5:    layout_ice_bergs
Coc:6:    nicolae_coc_through_the_icewall, layout_cocytus_delve
Coc:7:    coc_mu
Tar:1:    layout_honeycomb
Tar:2:    layout_catacombs
Tar:3:    layout_catacombs
Tar:4:    layout_honeycomb, nicolae_hells_hurtin_island
Tar:5:    nicolae_tar_honey_stairs, layout_cathedral_of_symmetry
Tar:6:    layout_grid_maze
Tar:7:    tar_mu [tar_mu_maze]
Zot:1:    layout_basic, regret_index_zotdec_decaying_vile, grunt_ministairs_1,
          regret_index_zotdec_tunneler, uniq_tiamat
Zot:2:    layout_onion_interference, grunt_megastairs_5
Zot:3:    layout_cellular_growth
Zot:4:    layout_misc_corridors
Zot:5:    layout_basic

Skill      XL: |  1  2  3  4  5  6  7  8  9 10 11 12 13 14 15 16 17 18 19 20 21 22 23 24 25 26 27 |
---------------+----------------------------------------------------------------------------------+-----
Unarmed Combat | 4 5 7 9 11 12 14 16 17 19 20 21 23 24 25 26 27 | 27.0
Armour         | 2 4 6 7 9 10 11 12 13 14 15 27 | 27.0
Dodging        | 3 4 5 6 8 10 11 12 13 15 16 21 27 | 27.0
Fighting       | 2 3 5 6 7 8 9 27 | 27.0
Evocations     | 6 9 |  9.6
Shields        | 8 13 17 18 19 20 27 | 27.0
Shapeshifting  | 4 11 13 23 | 23.0
Spellcasting   | 3 27 | 27.0
Conjurations   | 3 27 | 27.0
Hexes          | 3 27 | 27.0
Summonings     | 3 27 | 27.0
Necromancy     | 3 27 | 27.0
Translocations | 3 27 | 27.0
Fire Magic     | 3 27 | 27.0
Ice Magic      | 3 27 | 27.0
Air Magic      | 3 27 | 27.0
Earth Magic    | 3 27 | 27.0
Alchemy        | 3 27 | 27.0

Action                     |  1- 3 |  4- 6 |  7- 9 | 10-12 | 13-15 | 16-18 | 19-21 | 22-24 | 25-27 || total
---------------------------+-------+-------+-------+-------+-------+-------+-------+-------+-------++-------
  Melee: Unarmed           |    80 |   172 |   333 |   613 |  1083 |  1551 |  1844 |  1800 | 12049 || 19525
         Punch             |     3 |     1 |    20 |    63 |   144 |       |       |       |       ||   231
         Headbutt          |       |       |       |       |       |       |       |       |  3159 ||  3159
  Throw: Dart              |       |    12 |       |     4 |     2 |       |       |       |       ||    18
 Invoke: Call Merchant     |       |       |       |     1 |     2 |     2 |     2 |     1 |     7 ||    15
         Potion Petition   |       |       |       |       |       |     5 |     4 |     8 |    66 ||    83
Ability: Begin Untransform |       |     1 |       |       |       |       |       |       |     1 ||     2
         Siphon Essence    |       |       |       |       |       |       |       |       |     5 ||     5
  Evoke: Wand              |       |       |     1 |     2 |     5 |     4 |     1 |     3 |    24 ||    40
         Phantom mirror    |       |       |       |       |       |     1 |     2 |       |     1 ||     4
         Phial of floods   |       |       |       |       |       |     1 |       |     1 |     4 ||     6
         Condenser vane    |       |       |       |       |       |       |     1 |     1 |     2 ||     4
    Use: Potion            |       |     5 |       |       |     1 |     2 |     1 |     3 |    30 ||    42
         Scroll            |       |     7 |     5 |     1 |    11 |    12 |     4 |     7 |    22 ||    69
   Stab: Distracted        |       |       |       |     2 |    10 |    10 |    11 |    25 |   128 ||   186
         Petrifying        |       |       |       |       |     4 |       |       |       |       ||     4
         Paralysed         |       |       |       |       |       |     5 |       |       |     1 ||     6
         Invisible         |       |       |       |       |       |       |       |     1 |    68 ||    69
         Petrified         |       |       |       |       |       |       |       |       |     5 ||     5
 Armour: Animal skin       |    52 |    72 |       |       |       |       |       |       |       ||   124
         Skin              |       |     6 |       |       |       |       |       |       |       ||     6
         Scale mail        |       |    27 |   151 |   216 |   402 |   147 |       |       |       ||   943
         Ice dragon scales |       |       |       |       |       |   261 |   347 |   422 |  1142 ||  2172
         Crystal plate arm |       |       |       |       |       |       |       |       |  2164 ||  2164
  Dodge: Dodged            |    39 |    93 |   168 |   476 |   839 |   611 |   571 |   495 |  3755 ||  7047
  Block: Kite shield       |       |       |       |       |   171 |  1161 |  1029 |  1265 |  8304 || 11930
   Form: Death             |       |       |       |       |       |       |       |       |     2 ||     2

Table legend: (Time is in decaauts)
 A = Elapsed time spent in this place.
 B = Non-inter-level travel time spent in this place.
 C = Inter-level travel time spent in this place.
 D = Time resting spent in this place.
 E = Time spent auto-exploring this place.
 F = Levels seen in this place.
 G = Mean time per level.
                   A        B        C        D        E       F      G
               +--------+--------+--------+--------+--------+-----+--------+
         Total | 109632 |  99321 |  10311 |   6163 |  60917 | 127 |  863.2 |
       Dungeon |  19323 |  15729 |   3594 |   1487 |  10738 |  15 | 1288.2 |
        Temple |     23 |     17 |      6 |      0 |      0 |   1 |   23.0 |
          Lair |   8189 |   6995 |   1194 |    812 |   4297 |   5 | 1637.8 |
        Shoals |   3888 |   3735 |    153 |    141 |   2543 |   4 |  972.0 |
     Snake Pit |   2690 |   2563 |    127 |      0 |   1698 |   4 |  672.5 |
    Slime Pits |   2622 |   2444 |    178 |    136 |   1388 |   5 |  524.4 |
  Orcish Mines |   2489 |   2081 |    408 |    329 |   1030 |   2 | 1244.5 |
   Elven Halls |   4903 |   4494 |    409 |    679 |   2513 |   3 | 1634.3 |
        Vaults |  10197 |   9268 |    929 |    360 |   5121 |   5 | 2039.4 |
         Crypt |   2814 |   2668 |    146 |      0 |   1907 |   3 |  938.0 |
          Tomb |   2836 |   2577 |    259 |     30 |   1375 |   3 |  945.3 |
        Depths |   7378 |   6070 |   1308 |    637 |   3592 |   4 | 1844.5 |
          Hell |    948 |    793 |    155 |    112 |    357 |   1 |  948.0 |
           Dis |   3360 |   3192 |    168 |    200 |   2024 |   7 |  480.0 |
       Gehenna |   3378 |   3155 |    223 |     52 |   2174 |   7 |  482.6 |
       Cocytus |   2813 |   2672 |    141 |      0 |   1675 |   7 |  401.9 |
      Tartarus |   3898 |   3651 |    247 |      6 |   2807 |   7 |  556.9 |
           Zot |   5300 |   4642 |    658 |    119 |   3053 |   5 | 1060.0 |
         Abyss |    501 |    501 |      0 |    144 |     21 |   3 |  167.0 |
   Pandemonium |  18515 |  18515 |      0 |    354 |  11570 |  19 |  974.5 |
      Ziggurat |    960 |    960 |      0 |      0 |    288 |  14 |   68.6 |
         Trove |     80 |     80 |      0 |      0 |      2 |   1 |   80.0 |
      Ice Cave |   1361 |   1361 |      0 |    285 |    418 |   1 | 1361.0 |
        Wizlab |   1155 |   1155 |      0 |    278 |    320 |   1 | 1155.0 |
               +--------+--------+--------+--------+--------+-----+--------+

Top non-repeatable levels by time:
Depths:3: 2356 daAuts
Vaults:2: 2347 daAuts
Vaults:4: 2317 daAuts
   Elf:2: 2269 daAuts
Vaults:1: 2188 daAuts
    D:14: 2183 daAuts
  Lair:1: 2127 daAuts
  Lair:5: 2092 daAuts
   Tar:7: 1899 daAuts
   Dis:7: 1840 daAuts
Depths:2: 1819 daAuts
   Geh:7: 1771 daAuts
Vaults:5: 1744 daAuts
     D:8: 1636 daAuts
Depths:1: 1626 daAuts
